 Dungeon Crawl Stone Soup version 0.24-a0-446-g87df7205b4 (webtiles) character file.

Game seed: 3170177616009093494

15265805 Inarius the Axe Maniac (level 27, 269/273 HPs)
             Began as a Minotaur Chaos Knight on June 20, 2019.
             Was a Favourite Plaything of Xom.
             Escaped with the Orb
             ... and 15 runes on June 23, 2019!
             The game lasted 06:45:24 (103846 turns).

Inarius the Axe Maniac (Minotaur Chaos Knight)    Turns: 103846, Time: 06:45:24

Health: 269/273    AC: 51    Str: 30    XL:     27
Magic:  19/19      EV: 23    Int: 15    God:    Xom [*.....]
Gold:   11074      SH: 37    Dex: 12    Spells: 52/63 levels left

rFire    + + +     SeeInvis .   a - +8 broad axe (antimagic)
rCold    + + +     Gourm    .   h - +2 large shield {AC+3}
rNeg     + + +     Faith    .   v - +10 gold dragon scales
rPois    +         Spirit   .   B - -2 hat of the Alchemist {rElec rPois rF+ rC+ rN+ MR+ rMut rCorr}
rElec    +         Reflect  +   g - +1 cloak of Starlight {rElec rC+ EV+4 Stlth--}
rCorr    +         Harm     .   r - +1 pair of gloves of a wizard's laboratory {rN++ Slay+2 Stlth-}
rMut     +                      e - +2 pair of boots {run}
MR       ++++.                  n - amulet "Rewuili" {Reflect rC++ rN++ SH+3}
Stlth    ..........             w - ring "Haiduano" {Wiz *Corrode rElec rF+ Slay+3}
HPRegen  0.55/turn              F - ring of Incredulity {rC+ rN++ MP+9 Int+4 Stlth+}
MPRegen  0.16/turn

@: quick
A: retaliatory headbutt, horns 2, talons 2, icy blue scales 1, large bone plates
1, thin skeletal structure 1, camouflage 1, clever 1, deterioration 1, high mp
1, magic resistance 1, sense surroundings 1, shaggy fur 1
0: Orb of Zot
}: 15/15 runes: serpentine, barnacled, slimy, silver, golden, iron, obsidian,
icy, bone, abyssal, demonic, glowing, magical, fiery, dark
a: Renounce Religion


You escaped.
You worshipped Xom.
You were a special plaything of Xom.
You were not hungry.

You visited 17 branches of the dungeon, and saw 89 of its levels.
You visited Pandemonium 2 times, and saw 20 of its levels.
You visited the Abyss 5 times.
You visited 1 bazaar.
You visited 1 ziggurat, and saw 12 of its levels.
You also visited: Gauntlet, Volcano and Desolation.

You collected 15918 gold pieces.
You spent 4844 gold pieces at shops.

Inventory:

Hand Weapons
 a - a +8 antimagic broad axe (weapon)
 b - a +5 broad axe of chaos
 W - the +10 broad axe of Sharkskin {pain, +Blink rElec rF+++ Dex-3}
   (You took it off an efreet in Pandemonium)

   In the hands of one skilled in necromantic magic, it inflicts extra damage on
   living creatures.
   It affects your dexterity (-3).
   It renders you almost immune to fire.
   It insulates you from electricity.
   It lets you blink.
Armour
 e - a +2 pair of boots of running (worn)
 g - the +1 cloak of Starlight (worn) {rElec rC+ EV+4 Stlth--}
   (You found it in the Desolation of Salt)

   It affects your evasion (+4).
   It protects you from cold.
   It insulates you from electricity.
   It makes you much less stealthy.
 h - a +2 large shield of protection (worn)
 i - +10 pearl dragon scales
 r - the +1 pair of gloves of a wizard's laboratory (worn) {rN++ Slay+2 Stlth-}
   (You found it in a Gauntlet)

   It affects your accuracy and damage with ranged weapons and melee attacks
   (+2).
   It greatly protects you from negative energy.
   It makes you less stealthy.
 t - the +2 pair of boots of Sunlight {rF- rC+ rN+ Str+2}
   (You found it in the Desolation of Salt)

   It affects your strength (+2).
   It makes you vulnerable to fire.
   It protects you from cold.
   It protects you from negative energy.
 v - +10 gold dragon scales (worn)
 B - the -2 hat of the Alchemist (worn) {rElec rPois rF+ rC+ rN+ MR+ rMut rCorr}
   (You found it on level 3 of the Elven Halls)

   It protects you from fire.
   It protects you from cold.
   It insulates you from electricity.
   It protects you from poison.
   It protects you from negative energy.
   It affects your resistance to hostile enchantments.
   It provides partial protection from all sources of acid and corrosion.
   It protects you from mutation.
 Q - a +2 cloak of fire resistance
Jewellery
 n - the amulet "Rewuili" (around neck) {Reflect rC++ rN++ SH+3}
   (You bought it in a shop on level 2 of the Orcish Mines)

   [amulet of reflection]

   It shields you and reflects attacks.
   It greatly protects you from cold.
   It greatly protects you from negative energy.
   It affects your SH (+3).
 w - the ring "Haiduano" (left hand) {Wiz *Corrode rElec rF+ Slay+3}
   (You found it on level 1 of the Abyss)

   [ring of wizardry]

   It improves your spell success rate.
   It affects your accuracy and damage with ranged weapons and melee attacks
   (+3).
   It protects you from fire.
   It insulates you from electricity.
   It may corrode you when you take damage.
 x - the ring "Lenaxem" {rPois rF+ rC- Str+2 Dex+3}
   (You found it on level 7 of the Iron City of Dis)

   [ring of protection from fire]

   It affects your strength (+2).
   It affects your dexterity (+3).
   It protects you from fire.
   It makes you vulnerable to cold.
   It protects you from poison.
 E - the ring of Bewneny {+Fly rC- rCorr Dex+4 SInv}
   (You found it on level 4 of the Shoals)

   [ring of resist corrosion]

   It affects your dexterity (+4).
   It makes you vulnerable to cold.
   It lets you see invisible.
   It lets you fly.
   It provides partial protection from all sources of acid and corrosion.
 F - the ring of Incredulity (right hand) {rC+ rN++ MP+9 Int+4 Stlth+}
   (You took it off an efreet in Pandemonium)

   [ring of stealth]

   It affects your intelligence (+4).
   It protects you from cold.
   It greatly protects you from negative energy.
   It affects your magic capacity (+9).
   It makes you more stealthy.
Wands
 u - a wand of digging (24)
 z - a wand of disintegration (13)
 C - a wand of clouds (1)
 H - a wand of iceblast (27)
 K - a wand of scattershot (4)
 O - a wand of acid (9)
 Z - a wand of enslavement (9)
Scrolls
 f - 5 scrolls of fear
 k - 32 scrolls of identify
 l - 5 scrolls of summoning
 m - 3 scrolls of silence
 o - 10 scrolls of fog
 p - 29 scrolls of remove curse
 y - 11 scrolls of immolation
 D - 6 scrolls of blinking
 J - 3 scrolls of holy word
 X - 18 scrolls of teleportation
Potions
 d - 7 potions of agility
 j - a potion of flight
 G - 15 potions of curing
 I - 4 potions of invisibility
 L - 2 potions of heal wounds
 N - 12 potions of mutation
 P - 4 potions of berserk rage
 R - a potion of cancellation
 S - 2 potions of might
 V - 2 potions of haste
 Y - 7 potions of resistance
Miscellaneous
 q - 4 sacks of spiders
 s - 7 boxes of beasts
 A - a lamp of fire
 T - 11 phantom mirrors
 U - a lightning rod (4/4)
Comestibles
 c - 92 rations


   Skills:
 O Level 27 Fighting
   Level 1.1 Long Blades
 O Level 27 Axes
   Level 0.1(18.7) Polearms
 O Level 27 Armour
 - Level 25.0 Dodging
 O Level 27 Shields
 + Level 18.9 Spellcasting
 - Level 10.5 Charms
 + Level 20.2 Necromancy
 * Level 21.2 Transmutations
 - Level 22.5 Evocations


You had 52 spell levels left.
You knew the following spells:

 Your Spells              Type           Power        Failure   Level  Hunger
a - Regeneration          Chrm/Necr      ######....   1%          3    None
b - Necromutation         Tmut/Necr      ######....   11%         8    #######

Your spell library contained the following spells:

 Spells                   Type           Power        Failure   Level  Hunger
 Animate Skeleton         Necr           N/A          0%          1    None
 Beastly Appendage        Tmut           ######       0%          1    None
 Pain                     Necr           ####         0%          1    None
 Corpse Rot               Necr           N/A          0%          2    None
 Sticks to Snakes         Tmut           ######..     0%          2    None
 Sublimation of Blood     Necr           ######....   0%          2    None
 Infusion                 Chrm           ####         1%          1    None
 Passwall                 Tmut/Erth      #####...     1%          2    None
 Shroud of Golubria       Chrm/Tloc      ####..       1%          2    None
 Song of Slaying          Chrm           #####...     1%          2    None
 Swiftness                Chrm/Air       ####....     1%          2    None
 Ignite Poison            Fire/Tmut/Pois #####...     1%          3    None
 Spider Form              Tmut/Pois      #####.....   1%          3    None
 Ice Form                 Ice/Tmut       #####...     1%          4    None
 Petrify                  Tmut/Erth      #####...     1%          4    None
 Agony                    Necr           ######..     1%          5    ###....
 Blade Hands              Tmut           ######....   1%          5    ###....
 Dispel Undead            Necr           ######..     1%          5    ###....
 Excruciating Wounds      Chrm/Necr      ######....   1%          5    ###....
 Hydra Form               Tmut           ######....   1%          6    #####..
 Dragon Form              Tmut           ######....   1%          7    ######.
 Ozocubu's Armour         Chrm/Ice       ####....     2%          3    None
 Spectral Weapon          Hex/Chrm       ####....     2%          3    None
 Alistair's Intoxication  Tmut/Pois      #####...     2%          5    ###....
 Irradiate                Conj/Tmut      #####.....   2%          5    ###....
 Yara's Violent Unravell  Hex/Tmut       #####.....   2%          5    ###....
 Bolt of Draining         Conj/Necr      #####.....   3%          5    ###....
 Borgnjor's Vile Clutch   Necr/Erth      #####.....   3%          5    ###....
 Apportation              Tloc           ##....       9%          1    None
 Confusing Touch          Hex            ##....       9%          1    None
 Corona                   Hex            ##.....      9%          1    None
 Flame Tongue             Conj/Fire      ##...        9%          1    None
 Freeze                   Ice            ##..         9%          1    None
 Magic Dart               Conj           ##..         9%          1    None
 Sandblast                Erth           ##....       9%          1    None
 Shock                    Conj/Air       ##..         9%          1    None
 Sting                    Conj/Pois      ##..         9%          1    None
 Summon Butterflies       Summ           ##......     9%          1    None
 Summon Small Mammal      Summ           ##..         9%          1    None
 Blink                    Tloc           N/A          12%         2    None
 Call Imp                 Summ           ##......     12%         2    None
 Ensorcelled Hibernation  Hex/Ice        ##....       12%         2    None
 Poisonous Vapours        Pois/Air       ##....       12%         2    None
 Searing Ray              Conj           ##....       12%         2    None
 Slow                     Hex            ##......     12%         2    None
 Throw Flame              Conj/Fire      ##....       12%         2    None
 Throw Frost              Conj/Ice       ##....       12%         2    None
 Statue Form              Tmut/Erth      #####....    16%         6    #####..
 Simulacrum               Ice/Necr       #####.....   19%         6    #####..
 Call Canine Familiar     Summ           ##......     24%         3    None
 Confuse                  Hex            ##......     24%         3    None
 Conjure Flame            Conj/Fire      ##......     24%         3    None
 Dazzling Spray           Conj/Hex       ##....       24%         3    None
 Gell's Gravitas          Tloc           ##........   24%         3    None
 Inner Flame              Hex/Fire       ##......     24%         3    None
 Lesser Beckoning         Tloc           ##........   24%         3    None
 Mephitic Cloud           Conj/Pois/Air  ##......     24%         3    None
 Portal Projectile        Hex/Tloc       ##....       24%         3    None
 Recall                   Summ/Tloc      N/A          24%         3    None
 Static Discharge         Conj/Air       ##......     24%         3    None
 Stone Arrow              Conj/Erth      ##....       24%         3    None
 Summon Guardian Golem    Hex/Summ       ##......     24%         3    None
 Teleport Other           Tloc           ##......     24%         3    None
 Tukima's Dance           Hex            ##......     24%         3    None
 Iskenderun's Battlesphe  Conj/Chrm      ####....     26%         5    ###....
 Airstrike                Air            ##........   58%         4    None
 Cause Fear               Hex            ##........   58%         4    None
 Force Lance              Conj/Tloc      ##......     58%         4    None
 Fulminant Prism          Conj/Hex       ##........   58%         4    None
 Iskenderun's Mystic Bla  Conj           ##......     58%         4    None
 Leda's Liquefaction      Hex/Erth       ##........   58%         4    None
 Olgreb's Toxic Radiance  Pois           ##......     58%         4    None
 Sticky Flame             Conj/Fire      ##......     58%         4    None
 Summon Ice Beast         Ice/Summ       ##......     58%         4    None
 Summon Lightning Spire   Summ/Air       ##......     58%         4    None
 Throw Icicle             Conj/Ice       ##......     58%         4    None
 Deflect Missiles         Chrm/Air       ####......   77%         6    #####..
 Aura of Abjuration       Summ           ##........   89%         5    ###....
 Bolt of Magma            Conj/Fire/Erth ##........   89%         5    ###....
 Fireball                 Conj/Fire      ##........   89%         5    ###....
 Lee's Rapid Deconstruct  Erth           ##........   89%         5    ###....
 Lightning Bolt           Conj/Air       ##........   89%         5    ###....
 Metabolic Englaciation   Hex/Ice        ##........   89%         5    ###....
 Silence                  Hex/Air        ##........   89%         5    ###....
 Summon Demon             Summ           ##........   89%         5    ###....
 Summon Forest            Summ/Tloc      ##........   89%         5    ###....
 Summon Mana Viper        Hex/Summ       ##......     89%         5    ###....
 Venom Bolt               Conj/Pois      ##........   89%         5    ###....
 Ring of Flames           Chrm/Fire      ####......   99%         7    ######.
 Bolt of Cold             Conj/Ice       ##........   100%        6    #####..
 Bolt of Fire             Conj/Fire      ##........   100%        6    #####..
 Conjure Ball Lightning   Conj/Air       ##........   100%        6    #####..
 Freezing Cloud           Conj/Ice/Air   ##........   100%        6    #####..
 Iron Shot                Conj/Erth      ##........   100%        6    #####..
 Ozocubu's Refrigeration  Ice            ##........   100%        6    #####..
 Poison Arrow             Conj/Pois      ##........   100%        6    #####..
 Shadow Creatures         Summ           N/A          100%        6    #####..
 Malign Gateway           Summ/Tloc      ##........   100%        7    ######.
 Monstrous Menagerie      Summ           ##........   100%        7    ######.
 Orb of Destruction       Conj           ##........   100%        7    ######.
 Spellforged Servitor     Conj/Summ      ##........   100%        7    ######.
 Summon Greater Demon     Summ           ##........   100%        7    ######.
 Summon Hydra             Summ           ##........   100%        7    ######.
 Chain Lightning          Conj/Air       ##........   100%        8    #######
 Controlled Blink         Tloc           N/A          100%        8    #######
 Discord                  Hex            ##........   100%        8    #######
 Ignition                 Fire           ##........   100%        8    #######
 Lehudib's Crystal Spear  Conj/Erth      ##........   100%        8    #######
 Summon Horrible Things   Summ           ##........   100%        8    #######
 Dragon's Call            Summ           ##........   100%        9    #######
 Fire Storm               Conj/Fire      ##........   100%        9    #######
 Glaciate                 Conj/Ice       ##........   100%        9    #######
 Shatter                  Erth           ##........   100%        9    #######
 Tornado                  Air            ##........   100%        9    #######
 Passage of Golubria      Tloc           Unusable     N/A         4    N/A

Dungeon Overview and Level Annotations

Branches:
Dungeon (15/15)            Temple (0/1) D:7            Lair (6/6) D:10
 Shoals (4/4) Lair:3        Snake (4/4) Lair:3        Slime (5/5) Lair:5
    Orc (2/2) D:9             Elf (3/3) Orc:2        Vaults (5/5) D:14
  Crypt (3/3) Vaults:3       Tomb (3/3) Crypt:3      Depths (5/5) D:15
   Hell (1/1)                 Dis (7/7) Hell            Geh (7/7) Hell
    Coc (7/7) Hell            Tar (7/7) Hell            Zot (5/5) Depths:5

Altars:
Cheibriados
Kikubaaqudgha
Okawaru
Qazlal
Sif Muna
Trog
Vehumet
Wu Jian
Xom
Yredelemnul
Zin
The Shining One
Beogh
Jiyva

Shops:
D:6 *   D:9 [   Orc:1 =   Orc:2 :}=?!   Elf:2 =   Elf:3 [   Vaults:4 [[(*}
Vaults:5 ?   Depths:1 *

Portals:
Hell: Depths:1 Depths:2 Depths:3 Depths:4 Depths:5
Abyss: Depths:2 Depths:3 Depths:4
Pandemonium: Depths:2 Depths:3 Depths:4

Annotations:
Lair:6 exclusion: 3 oklob plants
Depths:1 1 runed translucent door


Innate Abilities, Weirdness & Mutations

You reflexively headbutt those who attack you in melee.
You have a pair of horns on your head.
You have razor-sharp toenails.
You are partially covered in icy blue scales. (AC +2)
You are partially covered in large bone plates. (SH +4)
You have a somewhat thin skeletal structure. (Dex +2, Stealth)
Your skin changes colour to match your surroundings (Stealth+).
Your mind is acute. (Int +2)
Your body sometimes deteriorates upon taking damage.
You have an increased reservoir of magic. (+10% MP)
You are resistant to hostile enchantments. (MR+)
You passively map a small area around you.
You are covered in fur. (AC +1)


Message History

This square is covered in magical glow.
The rock shatters into small pieces.
There is a stone staircase leading up here.
You climb upwards.
There is a stone staircase leading down here.
There is a stone staircase leading down here.
You climb downwards.
There is a stone staircase leading up here.
There is a stone staircase leading up here.
You climb upwards.
There is a stone staircase leading down here.
Evoke which item? (* to show all) (? for menu, Esc to quit)
Aiming: Dig
Press: ? - help, Shift-Dir - straight line A rock wall.
This square is covered in magical glow.
The rock shatters into small pieces.
There is an open door here.
There is a staircase leading out of the dungeon here.
You have escaped!

### #.# # #.#
######.#
.......#
#####..# #..#
#######
#.######≈≈≈≈≈##
#.###8........##
#.'.........@..#
#####8........##
####≈≈≈≈≈##
#######


There were no monsters in sight!

Vanquished Creatures
  Cerebov (Pan)
  Antaeus (Coc:7)
  Asmodeus (Geh:7)
  the Royal Jelly (Slime:5)
  Gloorx Vloq (Pan)
  Ereshkigal (Tar:7)
  Lom Lobon (Pan)
  Mnoleg (Pan)
  the Serpent of Hell (Tar:7)
  Dispater (Dis:7)
  13 ancient liches
  Mennas (Tomb:1)
  5 orbs of fire
  The ghost of Eneuly the Phalangite, a legendary MfIE of Makhleb (Vaults:1)
  2 juggernauts
  Sojobo (Vaults:4)
  The ghost of Lusmuynt the Wrestler, a veteran TrCK of Okawaru (Crypt:2)
  33 greater mummies
  5 pandemonium lords
  Margery (Crypt:2)
  11 shard shrikes (Coc:7)
  2 curse toes
  The ghost of Efutuir the Deadly Accurate, a veteran GnWn of the Shining One (Crypt:2)
  Geryon (Hell)
  11 golden dragons
  Jory (Crypt:1)
  14 bone dragons
  A profane servitor (Crypt:3)
  4 doom hounds
  6 iron giants
  21 Tzitzimimeh
  5 electric golems
  44 Brimstone Fiends
  A hellephant (Hell)
  20 tentacled monstrosities
  Jorgrun (Snake:2)
  17 liches
  24 Orb Guardians
  2 deep elf blademasters
  17 Ice Fiends
  The ghost of Cumameil the Tortoise, an adept GrFi of Makhleb (Crypt:2)
  11 Hell Sentinels
  8 titans
  A quicksilver dragon (shapeshifter) (Depths:4)
  11 quicksilver dragons
  A deep elf master archer (Elf:3)
  24 acid blobs
  20 Executioners
  8 sphinxes
  18 shadow dragons
  5 eldritch tentacles
  20 ancient champions
  6 death cobs
  Agnes (Vaults:4)
  10 tentacled starspawn
  2 krakens (Shoals:4)
  5 tengu reavers
  15 storm dragons
  8 azure jellies
  7 revenants
  5 draconian monks
  8 draconian knights
  7 deep elf sorcerers
  8 nagarajas
  3 warmongers (Pan)
  7 draconian scorchers
  14 vault wardens
  8 frost giants
  Louise (Shoals:4)
  25 cacodemons
  6 ghost moths
  Aizul (Snake:1)
  2 imperial myrmidons (Desolation)
  36 balrugs
  8 fire giants
  3 iron dragons
  3 deep elf elementalists
  3 orc warlords
  A caustic shrike zombie (Depths:2)
  4 spriggan defenders
  3 angels
  9 draconian shifters
  8 draconian stormcallers
  An emperor scorpion (Zot:1)
  5 curse skulls
  10 draconian annihilators
  10 ironheart preservers
  A caustic shrike skeleton (Depths:4)
  4 ghouls
  17 war gargoyles
  32 very ugly things
  7 blood saints (Pan)
  6 entropy weavers
  21 stone giants
  A juggernaut skeleton (Depths:4)
  10 corrupters (Pan)
  73 reapers
  A very ugly thing (shapeshifter) (Pan)
  17 vampire knights
  3 elemental wellsprings (Coc:7)
  13 yellow draconians
  4 deep elf demonologists
  14 green draconians
  8 black suns (Pan)
  16 black draconians
  18 lorocyprocas
  12 bennus
  2 minotaurs
  12 white draconians
  13 deep elf annihilators
  The ghost of Loge the Thaumaturge, a journeyman DEFE of Sif Muna (Lair:3)
  8 eidola
  13 red draconians
  12 deep elf death magi
  9 merfolk javelineers
  10 purple draconians
  6 quicksilver dragon zombies
  32 mummy priests
  28 blizzard demons
  4 merfolk impalers
  5 crystal guardians
  11 ettins
  3 fire dragons
  20 green deaths
  6 death oozes
  17 jiangshi
  A kraken zombie (Hell)
  10 ragged hierophants (Desolation)
  3 deep elf high priests
  Erolcha (D:10)
  14 yaktaur captains
  10 servants of whispers
  5 rakshasas
  12 ogre magi
  32 vault guards
  4 monstrous demonspawn (Pan)
  15 great orbs of eyes
  11 hydras
  2 peacekeepers (Desolation)
  5 quicksilver dragon skeletons
  9 spriggan air magi
  2 juggernaut simulacra (Pan)
  27 ice dragons
  A catoblepas (Shoals:1)
  9 centaur warriors
  3 merfolk avatars
  3 hell beasts (Pan)
  48 two-headed ogres
  31 naga warriors
  3 ghost crabs
  15 anacondas
  7 death knights
  31 dancing weapons
  A death yak (Zot:5)
  A queen ant (Lair:4)
  4 satyrs
  4 merfolk aquamancers (Shoals:4)
  11 titan zombies
  10 vampire magi
  11 deep troll earth magi
  16 deep troll shamans
  An alligator snapping turtle (Shoals:2)
  60 death scarabs
  29 hell hogs
  6 thrashing horrors
  10 spriggan berserkers
  12 tengu warriors
  121 hell knights
  A shock serpent (shapeshifter) (Vaults:5)
  6 orc high priests
  Urug (Orc:2)
  50 soul eaters
  6 iron golems
  22 deep elf knights
  10 iron trolls
  16 naga sharpshooters
  6 shock serpents
  69 sun demons
  185 skeletal warriors
  10 storm dragon zombies
  8 titan skeletons
  A fire crab (Lair:5)
  14 wretched stars
  26 sixfirhies
  26 shadow wraiths
  9 golden dragon zombies
  7 spatial maelstroms
  A death drake (Tar:7)
  6 sea snakes
  5 ghost moth zombies
  A fire crab (shapeshifter) (Vaults:4)
  2 unseen horrors (shapeshifter)
  8 storm dragon skeletons
  18 glowing orange brains
  A sea snake (shapeshifter) (Vaults:5)
  4 salamander mystics
  40 deep trolls
  16 flayed ghosts
  8 naga ritualists
  16 anaconda zombies
  10 wizards
  9 unseen horrors
  3 infernal demonspawn (Pan)
  A sphinx zombie (Vaults:3)
  29 shadow demons
  21 deep elf archers
  8 torturous demonspawn (Pan)
  6 gelid demonspawn (Pan)
  2 swamp dragons
  A harpy (shapeshifter) (Depths:5)
  25 harpies
  6 golden dragon skeletons
  9 shadow dragon zombies
  20 ironbrand convokers
  40 necromancers
  23 phantasmal warriors
  2 lindwurms (shapeshifter)
  An orb spider (Zig:9)
  18 orc knights
  5 wolf spider zombies
  Pikel (D:8)
  7 anaconda skeletons
  52 ugly things
  3 tengu zombies
  7 iron dragon zombies
  16 mana vipers
  10 orc sorcerers
  4 shining eyes
  55 deep elf magi
  10 frost giant zombies
  22 salamanders
  8 fauns
  12 fire giant zombies
  2 cyclopes (shapeshifter)
  11 wolf spiders
  13 stone giant zombies
  3 worldbinders (Abyss:1)
  36 moths of wrath
  A salamander (shapeshifter) (Vaults:2)
  13 manticores
  2 shadow dragon skeletons
  8 cyclopes
  13 frost giant skeletons
  2 sphinx skeletons
  3 spriggan zombies
  A tengu skeleton (Vaults:5)
  13 merfolk sirens
  A toenail golem (Volcano)
  9 molten gargoyles
  6 fire giant skeletons
  7 elephants
  4 titan simulacra (Coc:7)
  22 black mambas
  6 eyes of devastation
  14 stone giant skeletons
  16 naga magi
  7 dire elephant zombies
  An eye of devastation (shapeshifter) (Vaults:4)
  3 shock serpent zombies
  An apocalypse crab (Abyss:1)
  15 guardian serpents
  39 rust devils
  4 iron dragon skeletons
  13 vault sentinels
  Joseph (D:8)
  11 spiny frogs
  5 gargoyles
  6 torpor snails
  A shock serpent skeleton (Dis:2)
  6 emperor scorpion zombies
  30 smoke demons
  57 hellions
  2 yaktaur zombies
  22 orange demons
  3 storm dragon simulacra
  2 ice statues (Hell)
  10 dire elephant skeletons
  10 centaur skeletons
  A white draconian zombie (Crypt:2)
  6 efreet
  3 kobold demonologists (D:12)
  The ghost of KristoblXynda the Gouger, a novice FeTm (D:7)
  50 freezing wraiths
  An alligator snapping turtle skeleton (Crypt:3)
  2 rime drakes (shapeshifter)
  2 catoblepas zombies
  2 komodo dragons (shapeshifter)
  7 komodo dragons
  5 ancient zymes
  3 rime drakes
  4 spectral deep trolls (Crypt:3)
  54 yaktaurs
  4 anaconda simulacra (Coc:7)
  26 hellwings
  A harpy zombie (Geh:7)
  3 tengu conjurers
  3 demonic crawlers
  14 hydra zombies
  61 tormentors
  61 guardian mummies
  62 red devils
  4 trolls
  41 ice devils
  A minotaur skeleton (Crypt:3)
  5 meliai (Abyss:5)
  A meliai (shapeshifter) (Lair:1)
  A catoblepas skeleton (Geh:5)
  A queen bee (shapeshifter) (Lair:3)
  2 trolls (shapeshifter)
  4 jumping spiders
  A shadow dragon simulacrum (Vaults:3)
  2 queen bees
  A tyrant leech (Shoals:4)
  2 polar bears (Lair:4)
  3 silent spectres (Tar:7)
  24 merfolk
  A merfolk (shapeshifter) (Depths:4)
  11 hornets
  5 hornets (shapeshifter)
  31 blink frogs
  6 ice dragon zombies
  10 wind drakes
  20 raiju
  12 dream sheep
  8 snapping turtles
  A sphinx simulacrum (Vaults:3)
  4 hydra skeletons
  59 saltlings
  2 blink frogs (shapeshifter)
  7 fire dragon zombies
  A bog body (Crypt:1)
  2 harpy skeletons
  A raiju (shapeshifter) (Snake:1)
  18 ettin zombies
  A slime creature (shapeshifter) (Vaults:1)
  A stone giant simulacrum (Coc:7)
  11 hippogriffs
  5 alligator zombies
  A frost giant simulacrum (Coc:1)
  99 slime creatures
  A spriggan (shapeshifter) (Depths:3)
  4 alligator skeletons
  166 flying skulls
  2 air elementals (Elf:3)
  31 shadows
  Sigmund (D:4)
  31 water elementals
  12 redbacks
  3 shapeshifters
  3 black mamba zombies
  3 tarantellas (shapeshifter)
  42 wraiths
  21 ushabtiu
  2 vampires (Abyss:1)
  13 ettin skeletons
  2 spriggans
  2 tarantellas (Zig:9)
  43 yaks
  8 fire bats
  32 ynoxinuls
  41 fire elementals
  A human (shapeshifter) (Vaults:2)
  5 wyverns
  8 fire dragon skeletons
  A black mamba skeleton (Abyss:1)
  6 ice dragon skeletons
  A basilisk (shapeshifter) (Abyss:1)
  25 small abominations
  A yak (shapeshifter) (Depths:3)
  8 basilisks
  23 neqoxecs
  6 hungry ghosts
  5 steam dragons
  16 chaos spawn
  A yaktaur simulacrum (Vaults:1)
  Menkaure (D:4)
  An emperor scorpion simulacrum (Coc:7)
  A wind drake skeleton (Crypt:2)
  51 large abominations
  4 vampire mosquitoes (D:14)
  A merfolk zombie (Crypt:1)
  52 nagas
  7 swamp worms
  2 harpy simulacra
  2 swamp worms (shapeshifter)
  A warg (shapeshifter) (D:14)
  14 wargs
  A naga (shapeshifter) (Vaults:2)
  27 soldier ants
  16 spatial vortices
  A two-headed ogre zombie (Crypt:2)
  An acid dragon (Lair:6)
  9 hydra simulacra
  A glowing shapeshifter zombie (Crypt:1)
  A floating eye (Depths:5)
  14 water moccasins
  3 merfolk skeletons
  9 spiny frog zombies
  71 hell hounds
  A floating eye (shapeshifter) (Vaults:5)
  8 porcupines
  6 snapping turtle zombies
  4 spiny frog skeletons
  32 orc warriors
  3 swamp drakes
  A black bear (D:7)
  A fire dragon simulacrum (Crypt:3)
  An ettin simulacrum (Vaults:5)
  3 human zombies
  17 ice beasts
  A sky beast (shapeshifter) (Geh:4)
  2 sky beasts
  3 swamp dragon zombies
  4 manticore zombies
  12 phantoms
  11 eyes of draining
  2 human skeletons (Vaults:2)
  An orc skeleton (Vaults:1)
  23 necrophages
  12 wolves
  8 snapping turtle skeletons
  25 boggarts
  27 centaurs
  50 ogres
  17 crocodiles
  6 elf skeletons
  A centaur (shapeshifter) (Orc:1)
  5 manticore skeletons
  2 swamp dragon skeletons
  3 big kobolds
  A salamander zombie (Crypt:3)
  21 bullfrogs
  An elf zombie (Geh:2)
  2 elf simulacra (Vaults:1)
  5 earth elementals
  A deep troll simulacrum (Vaults:1)
  A spiny frog simulacrum (Hell)
  2 scorpions
  A polar bear zombie (Crypt:1)
  A cyclops skeleton (Crypt:1)
  A water moccasin skeleton (Crypt:3)
  A snapping turtle simulacrum (Crypt:2)
  A human simulacrum (Vaults:3)
  7 killer bees (Abyss:5)
  83 wights
  A troll skeleton (Volcano)
  2 howler monkeys (D:11)
  6 electric eels
  11 crimson imps
  2 centaur zombies
  26 starcursed masses (Abyss:1)
  4 bullfrog zombies
  2 quasits
  A wolf skeleton (Crypt:3)
  42 orc priests
  5 bullfrog skeletons
  8 hounds
  11 jellies
  A hound (shapeshifter) (Elf:3)
  32 iron imps
  Jessica (D:2)
  A gnoll shaman (D:7)
  6 iguanas
  33 orc wizards
  17 hell rats
  36 worker ants
  A lightning spire (Zig:9)
  An acid dragon zombie (Crypt:2)
  A big kobold zombie (Crypt:1)
  A naga zombie (Dis:4)
  2 ogre zombies
  4 naga skeletons
  2 ogre skeletons
  50 mummies
  A howler monkey skeleton (Crypt:2)
  7 gnolls
  2 worker ant zombies (D:5)
  11 adders
  An ogre simulacrum (Coc:7)
  A river rat (shapeshifter) (Vaults:2)
  6 river rats (D:5)
  14 shadow imps
  18 white imps
  3 ufetubi (Abyss:1)
  An iguana zombie (Crypt:2)
  3 oozes
  4 worms
  2 ball lightnings (Pan)
  3 dart slugs
  6 leopard geckos
  110 orcs
  9 giant cockroaches
  2 gnoll zombies (D:5)
  6 goblins
  11 hobgoblins
  26 jackals
  11 kobolds
  5 quokkas
  2 ball pythons
  8 bats
  4 frilled lizards
  A giant cockroach zombie (Crypt:3)
  A jackal skeleton (D:6)
  A kobold skeleton (Crypt:1)
  17 rats
  3 briar patches (Pan)
  A bush (Lair:4)
  15 crawling corpses
  2 demonic plants (Abyss:1)
  11 fire vortices
  4 fungi
  13 plants
  10 starspawn tentacles (Abyss:1)
  4 tentacles (Shoals:4)
5997 creatures vanquished.

Vanquished Creatures (collateral kills)
  An orb of fire (Zot:5)
  A Killer Klown (Zot:5)
  A caustic shrike (Zig:12)
  An Orb Guardian (Zot:5)
  A Hell Sentinel (Zig:12)
  A titan (Pan)
  A sphinx (Vaults:5)
  A quicksilver dragon (Zot:3)
  An ancient champion (Dis:2)
  An azure jelly (Zot:5)
  A draconian scorcher (Zot:3)
  A balrug (Hell)
  A draconian shifter (Zot:3)
  2 very ugly things (Depths:1)
  2 reapers
  A stone giant (Depths:4)
  A war gargoyle (Zig:12)
  A yellow draconian (Zot:4)
  An ettin (Depths:4)
  A merfolk javelineer (Depths:4)
  A crystal guardian (Zig:12)
  A mummy priest (Crypt:3)
  A servant of whispers (Desolation)
  2 hydras
  A rakshasa (Depths:4)
  2 two-headed ogres
  A hell hog (Hell)
  2 dancing weapons (Elf:2)
  A deep elf knight (Elf:2)
  2 skeletal warriors
  A hell knight (Geh:4)
  A swamp dragon (Lair:6)
  A gelid demonspawn (Pan)
  A harpy (Shoals:2)
  5 deep elf magi
  A faun (Shoals:1)
  2 mana vipers
  A fire giant zombie (Coc:7)
  A cyclops (D:14)
  A fire giant skeleton (Crypt:3)
  A titan simulacrum (Coc:7)
  A gargoyle (Zig:12)
  A hellion (Dis:3)
  A yaktaur (Vaults:2)
  2 ice devils (Coc:7)
  2 slime creatures (Vaults:1)
  A spriggan (Depths:5)
  A basilisk (Shoals:1)
  2 vampire mosquitoes (D:14)
  4 nagas
  An orc warrior (Orc:2)
  A black bear (Lair:2)
  A big kobold (D:14)
  A troll zombie (Crypt:3)
  A jelly (Lair:5)
  An orc priest (Orc:2)
  2 white imps
  An ooze (Lair:5)
  An orc (Orc:2)
  A kobold (D:14)
  An orc skeleton (Coc:7)
79 creatures vanquished.

Vanquished Creatures (others)
  A pandemonium lord (Pan)
  A Brimstone Fiend (Geh:5)
  A titan (Vaults:5)
  2 deep elf master archers
  3 eldritch tentacles
  An Executioner (Pan)
  A storm dragon (Depths:4)
  2 deep elf sorcerers
  A balrug (Hell)
  A draconian shifter (Zot:4)
  A draconian annihilator (Zot:3)
  An ironheart preserver (Vaults:5)
  A stone giant (Zig:12)
  An elemental wellspring (Coc:7)
  A deep elf demonologist (Elf:3)
  A black draconian (Zot:1)
  A lorocyproca (Dis:7)
  2 blizzard demons
  A green death (Pan)
  2 deep elf high priests (Elf:3)
  3 rakshasas
  4 yaktaur captains
  A servant of whispers (Desolation)
  A vault guard (Vaults:5)
  An ice dragon (Vaults:3)
  3 centaur warriors
  9 dancing weapons
  4 hell hogs
  9 death scarabs (Tomb:2)
  3 satyrs
  A merfolk aquamancer (Shoals:4)
  2 titan zombies
  2 naga sharpshooters
  A thrashing horror (Abyss:1)
  3 skeletal warriors
  An anaconda zombie (Coc:6)
  A hell knight (Hell)
  A shadow dragon zombie (Geh:7)
  3 deep elf archers (Elf:3)
  2 necromancers (Geh:2)
  2 cyclopes
  A faun (Shoals:3)
  2 deep elf magi
  An orange demon (Pan)
  18 yaktaurs
  2 guardian mummies (Tomb:2)
  A komodo dragon (shapeshifter) (D:14)
  3 red devils
  A hydra skeleton (Coc:7)
  A saltling (Desolation)
  2 ettin zombies
  A fire dragon zombie (Dis:7)
  An ushabti (Crypt:3)
  A fire bat (Depths:3)
  A golden eye (shapeshifter) (Zig:8)
  2 fire elementals
  3 yaks
  3 chaos spawn (Pan)
  A soldier ant (Lair:4)
  A hydra simulacrum (Hell)
  3 hell hounds
  An orc warrior (Orc:2)
  A snapping turtle zombie (Coc:7)
  5 boggarts
  A centaur (Vaults:3)
  An earth elemental (Zig:12)
  2 wights
  A jelly (D:13)
  An orc wizard (Vaults:4)
  3 hell rats (Hell)
  8 mummies
  5 ball lightnings (Pan)
  2 orcs (D:13)
  A kobold (D:11)
  2 blocks of ice (Pan)
  5 bushes
  5 crawling corpses (Elf:3)
  14 demonic plants (Gauntlet)
  6 fire vortices
  21 fungi
  A lurking horror (Abyss:1)
  44 plants
  17 starspawn tentacles
  20 tentacles
  A withered plant (Shoals:1)
300 creatures vanquished.

Grand Total: 6376 creatures vanquished

Notes
Turn   | Place    | Note
-------+----------+-------------------------------------------
     0 | D:1      | Inarius the Minotaur Chaos Knight began the quest for the
                  | Orb.
     0 | D:1      | Reached XP level 1. HP: 19/19 MP: 0/0
   155 | D:1      | XOM: harmless Tloc miscast
   162 | D:1      | Reached XP level 2. HP: 27/27 MP: 1/1
   373 | D:1      | Reached XP level 3. HP: 33/33 MP: 2/2
   507 | D:2      | Noticed Jessica
   507 | D:2      | XOM: smoke on damage
   517 | D:2      | Killed Jessica
   586 | D:2      | Reached XP level 4. HP: 36/41 MP: 3/3
   628 | D:2      | XOM: harmless Summ miscast
   646 | D:2      | Reached skill level 5 in Axes
  1131 | D:2      | Reached XP level 5. HP: 36/47 MP: 4/4
  1398 | D:3      | Reached skill level 5 in Fighting
  1613 | D:3      | XOM: noise
  1692 | D:3      | XOM: smoke on damage
  1693 | D:3      | XOM: enchant monster (good)
  1695 | D:3      | Found a bloodstained altar of Trog.
  1950 | D:3      | XOM: silly message
  2168 | D:4      | Noticed Menkaure
  2173 | D:4      | XOM: enchant monster (bad)
  2175 | D:4      | Killed Menkaure
  2175 | D:4      | Reached XP level 6. HP: 56/56 MP: 5/5
  2307 | D:4      | Noticed Sigmund
  2310 | D:4      | XOM: scenery: create altars
  2319 | D:4      | Killed Sigmund
  2319 | D:4      | Reached XP level 7. HP: 44/63 MP: 6/6
  2554 | D:4      | Noticed a hippogriff
  2566 | D:4      | XOM: confuse monster(s)
  2581 | D:4      | Killed a hippogriff
  2883 | D:4      | Found a stormy altar of Qazlal.
  2884 | D:4      | Noticed a water elemental
  2884 | D:4      | Noticed an air elemental
  2884 | D:4      | Noticed a fire elemental
  2938 | D:4      | Reached XP level 8. HP: 90/90 MP: 7/7
  3043 | D:4      | XOM: 1-stop teleportation journey
  3113 | D:4      | XOM: mild Necr miscast
  3124 | D:5      | Entered Level 5 of the Dungeon
  3169 | D:5      | Reached XP level 9. HP: 86/96 MP: 8/8
  3269 | D:5      | XOM: harmless Erth miscast
  3275 | D:5      | Found an ancient bone altar of Kikubaaqudgha.
  3331 | D:5      | Found a deep blue altar of Sif Muna.
  3463 | D:5      | Found the +2 ratskin cloak {+Rats rPois rN+ Str-1 Int-1
                  | Dex+1}
  3476 | D:5      | XOM: mild Conj miscast
  3647 | D:5      | Found a basalt altar of Yredelemnul.
  3828 | D:6      | Found Ejoops's Assorted Antiques.
  3854 | D:6      | XOM: give mutation
  3854 | D:6      | Gained mutation: You are dopey. (Int -2) [Xom's mischief]
  3994 | D:6      | Found an iron altar of Okawaru.
  4279 | D:6      | Reached skill level 15 in Fighting
  4432 | D:6      | Found a glowing golden altar of the Shining One.
  4645 | D:6      | Bought a fuming yellow potion for 20 gold pieces
  4645 | D:6      | Bought a grey potion for 20 gold pieces
  4645 | D:6      | Bought a scroll labeled VYZ TAUTIREALE for 23 gold pieces
  4645 | D:6      | Bought a scroll labeled YKIUSO TOPHENN for 23 gold pieces
  4645 | D:6      | Bought a garnet ring for 115 gold pieces
  4649 | D:6      | Bought a scroll of teleportation for 69 gold pieces
  4690 | D:7      | XOM: noise
  4691 | D:7      | Found a staircase to the Ecumenical Temple.
  4691 | D:7      | XOM: 6-stop teleportation journey
  4693 | D:7      | Reached skill level 10 in Axes
  4693 | D:7      | Reached skill level 5 in Armour
  4696 | D:7      | XOM: cast spell 'Call Canine Familiar'
  4721 | D:7      | Noticed a cyclops
  4759 | D:7      | Killed a cyclops
  4944 | D:7      | XOM: enchant monster (good)
  4948 | D:7      | XOM: summons 2 friendly demons
  4950 | D:7      | Reached XP level 10. HP: 85/105 MP: 9/9
  5087 | D:7      | XOM: scenery: create altars
  5243 | D:7      | Noticed KristoblXynda's ghost (novice FeTm)
  5247 | D:7      | Found a large runed translucent door.
  5247 | D:7      | Found a large runed translucent door.
  5308 | D:7      | XOM: medium Ice miscast
  5316 | D:7      | Found a glowing silver altar of Zin.
  5346 | D:7      | XOM: summons 5 hostile demons
  5379 | D:7      | XOM: give mutation
  5379 | D:7      | Gained mutation: You are weak. (Str -2) [Xom's mischief]
  5408 | D:7      | XOM: give mutation
  5408 | D:7      | Gained mutation: Your spells are a little harder to cast,
                  | but a little more powerful. [Xom's mischief]
  5415 | D:7      | Killed KristoblXynda's ghost
  5463 | D:7      | Found a snail-covered altar of Cheibriados.
  5661 | D:8      | Noticed Joseph
  5679 | D:8      | Killed Joseph
  5699 | D:8      | XOM: harmless Air miscast
  5912 | D:8      | Found a radiant altar of Vehumet.
  6007 | D:8      | Noticed Pikel
  6011 | D:8      | Noticed a two-headed ogre
  6026 | D:8      | Killed Pikel
  6027 | D:8      | Killed a two-headed ogre
  6179 | D:8      | XOM: enchant monster (bad)
  6308 | D:9      | Found a staircase to the Orcish Mines.
  6321 | D:9      | Reached skill level 1 in Evocations
  6326 | D:9      | XOM: enchant monster (bad)
  6410 | D:9      | Reached XP level 11. HP: 95/113 MP: 10/10
  6434 | D:9      | You fall into a shaft and drop 1 floor!
  6434 | D:10     | Entered Level 10 of the Dungeon
  6456 | D:9      | Found Vodugeoj's Armour Shop.
  6570 | D:9      | XOM: medium Conj miscast
  6660 | D:9      | XOM: 2-stop teleportation journey
  6910 | D:9      | Found an ornate altar of the Wu Jian Council.
  6958 | D:9      | XOM: harmless Fire miscast
  7025 | D:10     | Noticed a two-headed ogre
  7037 | D:10     | Killed a two-headed ogre
  7250 | D:10     | Noticed Harold
  7266 | D:10     | XOM: chaos cloud
  7269 | D:10     | Noticed Harold
  7269 | D:10     | Harold changed into Harold the redback
  7276 | D:10     | Paralysed by you for 6 turns
  7289 | D:10     | Killed Harold the redback
  7644 | D:10     | Noticed Erolcha
  7654 | D:10     | Killed Erolcha
  7663 | D:10     | XOM: chaos upgrade
  7671 | D:10     | XOM: harmless Fire miscast
  7848 | D:10     | Killed an unseen horror
  7848 | D:10     | Reached skill level 5 in Dodging
  7853 | D:10     | XOM: mild Fire miscast
  7957 | D:10     | Found a staircase to the Lair.
  7988 | D:10     | XOM: destruction
  8004 | D:10     | XOM: confusion
  8013 | D:10     | XOM: 1-stop teleportation journey
  8151 | D:10     | XOM: enchant monster (bad)
  8458 | D:11     | Noticed a centaur warrior
  8459 | D:11     | XOM: enchant monster (good)
  8467 | D:11     | Noticed a harpy
  8467 | D:11     | an eye of draining changed into a harpy
  8467 | D:11     | XOM: polymorph eye of draining -> harpy
  8470 | D:11     | Killed a centaur warrior
  8474 | D:11     | Killed a harpy
  8579 | D:11     | XOM: 1-stop teleportation journey
  8580 | D:11     | Noticed a two-headed ogre
  8591 | D:11     | Noticed a glowing orange brain
  8591 | D:11     | a cyclops changed into a glowing orange brain
  8591 | D:11     | XOM: polymorph cyclops -> glowing orange brain
  8593 | D:11     | XOM: enchant monster (bad)
  8597 | D:11     | XOM: chaos upgrade
  8600 | D:11     | Killed a glowing orange brain
  8608 | D:11     | Killed a two-headed ogre
  8627 | D:11     | XOM: polymorph cyclops -> eye of devastation
  8647 | D:11     | Reached XP level 12. HP: 28/122 MP: 14/14
  8841 | D:11     | XOM: 2-stop teleportation journey
  8882 | D:11     | XOM: 1-stop teleportation journey
  8953 | D:11     | XOM: severe Conj miscast
  9005 | D:11     | XOM: stat loss: -1 Str (16/19)
  9035 | D:11     | XOM: confuse monster(s)
  9624 | D:11     | XOM: harmless Ice miscast
  9662 | D:12     | XOM: harmless Necr miscast
  9785 | D:10     | XOM: give mutations
  9785 | D:10     | Gained mutation: Your natural rate of healing is unusually
                  | fast. [Xom's grace]
  9785 | D:10     | Gained mutation: You are somewhat resistant to further
                  | mutation. [Xom's grace]
  9799 | Lair:1   | Entered Level 1 of the Lair of Beasts
  9803 | Lair:1   | XOM: polymorph crocodile -> shapeshifter
  9862 | Lair:1   | Noticed a five-headed hydra
  9870 | Lair:1   | Killed a five-headed hydra
  9870 | Lair:1   | Reached skill level 1 in Shields
  9927 | Lair:1   | XOM: 2-stop teleportation journey
 10041 | Lair:1   | XOM: cloud trail
 10173 | Lair:1   | XOM: destruction
 10181 | Lair:1   | XOM: give mutations
 10181 | Lair:1   | Gained mutation: You are partially covered in slimy green
                  | scales. (AC +2) [Xom's grace]
 10181 | Lair:1   | Gained mutation: You have very sharp teeth. [Xom's grace]
 10183 | Lair:1   | XOM: god gift: 5 rations
 10583 | Lair:1   | XOM: cloud trail
 10697 | Lair:1   | XOM: god gift: glowing scarf {god gift}
 10756 | Lair:2   | XOM: cast spell 'Chain of Chaos'
 10864 | Lair:2   | XOM: give mutations
 10864 | Lair:2   | Gained mutation: Your spells are harder to cast, but more
                  | powerful. [Xom's grace]
 10864 | Lair:2   | Gained mutation: Your spells are much harder to cast, but
                  | much more powerful. [Xom's grace]
 10864 | Lair:2   | Gained mutation: You are covered in fur. (AC +1) [Xom's
                  | grace]
 10898 | Lair:2   | Noticed an eight-headed hydra
 10912 | Lair:2   | XOM: divine lightning
 10931 | Lair:2   | XOM: cast spell 'Leda's Liquefaction'
 10946 | Lair:2   | XOM: summons friendly iron imp
 10949 | Lair:2   | XOM: chaos cloud
 10954 | Lair:2   | Killed an eight-headed hydra
 11405 | Lair:2   | Reached skill level 5 in Evocations
 11407 | Lair:2   | XOM: 1-stop teleportation journey
 11549 | Lair:2   | XOM: mild Summ miscast
 11728 | Lair:2   | XOM: swap monsters
 11823 | Lair:3   | Found a staircase to the Shoals.
 11823 | Lair:3   | XOM: 3-stop teleportation journey
 11824 | Lair:3   | Noticed a seven-headed hydra
 11824 | Lair:3   | Noticed a six-headed hydra
 11824 | Lair:3   | Noticed Loge's ghost (journeyman DEFE)
 11825 | Lair:3   | Found a transporter.
 11831 | Lair:3   | Found a transporter.
 11857 | Lair:3   | Noticed Fannar
 11858 | Lair:3   | XOM: stat loss: -1 Int (5/6)
 11869 | Lair:3   | XOM: enchant monster (bad)
 11870 | Lair:3   | Noticed Fannar
 11870 | Lair:3   | Fannar changed into Fannar the slime creature
 11870 | Lair:3   | XOM: polymorph Fannar -> Fannar the slime creature
 11877 | Lair:3   | Killed Fannar the slime creature
 11892 | Lair:3   | Found a gate leading to a gauntlet.
 11899 | Lair:3   | XOM: silly message
 11903 | Lair:3   | Noticed a six-headed hydra
 11916 | Lair:3   | Killed a six-headed hydra
 11929 | Gauntlet | Entered a Gauntlet
 11929 | Gauntlet | Found a transporter.
 11929 | Gauntlet | Found a transporter.
 11934 | Gauntlet | Found a transporter.
 11934 | Gauntlet | Found a transporter.
 11934 | Gauntlet | Found a transporter.
 11934 | Gauntlet | Found a transporter.
 11944 | Gauntlet | Found a transporter.
 11945 | Gauntlet | Noticed a death yak
 11948 | Gauntlet | Found a transporter.
 11955 | Gauntlet | Noticed a death yak
 11956 | Gauntlet | Noticed a death yak
 11957 | Gauntlet | Noticed a death yak
 11957 | Gauntlet | Noticed a death yak
 11958 | Gauntlet | Found a transporter.
 11958 | Gauntlet | Noticed a death yak
 11961 | Gauntlet | Noticed a death yak
 11986 | Gauntlet | Noticed a death yak
 11992 | Gauntlet | Noticed a death yak
 11998 | Gauntlet | Noticed a death yak
 11999 | Gauntlet | Noticed a death yak
 12057 | Gauntlet | Noticed a great orb of eyes
 12058 | Gauntlet | Found a transporter.
 12062 | Gauntlet | Found a transporter.
 12076 | Gauntlet | Found a transporter.
 12147 | Gauntlet | XOM: polymorph swamp worm -> shapeshifter
 12167 | Gauntlet | XOM: give mutation
 12167 | Gauntlet | Gained mutation: You are frail. (-10% HP) [Xom's mischief]
 12181 | Gauntlet | Paralysed by a great orb of eyes for 5 turns
 12187 | Gauntlet | XOM: potion effect (might)
 12192 | Gauntlet | Killed a great orb of eyes
 12195 | Gauntlet | XOM: noise
 12205 | Gauntlet | Got a pair of faintly humming gloves
 12216 | Gauntlet | Identified the +1 pair of gloves of a wizard's laboratory
                  | {rN++ Slay+2 Stlth-} (You found it in a Gauntlet)
 12239 | Gauntlet | Reached skill level 5 in Shields
 12264 | Gauntlet | Identified the +3 morningstar of Calculation {crush, rF+}
 12264 | Gauntlet | Noticed a minotaur
 12267 | Gauntlet | XOM: swap monsters
 12268 | Gauntlet | XOM: noise
 12282 | Gauntlet | Killed a minotaur
 12282 | Gauntlet | Reached XP level 13. HP: 65/117 MP: 16/16
 12301 | Lair:3   | XOM: give mutations
 12301 | Lair:3   | Lost mutation: You are covered in fur. (AC +1) [Xom's
                  | mischief]
 12369 | Lair:3   | XOM: swap monsters
 12377 | Lair:3   | Reached skill level 10 in Armour
 12399 | Lair:3   | Found a staircase to the Snake Pit.
 12447 | Lair:3   | XOM: harmless Conj miscast
 12589 | Lair:3   | XOM: swap monsters
 12738 | Lair:3   | XOM: give mutation
 12738 | Lair:3   | Lost mutation: You are dopey. (Int -2) [Xom's mischief]
 12750 | Lair:3   | XOM: harmless Hex miscast
 12962 | Lair:3   | XOM: god gift: glowing cloak {god gift}
 13024 | Lair:3   | XOM: confuse monster(s)
 13084 | Lair:4   | Got a brightly glowing morningstar
 13085 | Lair:4   | Identified the +9 morningstar "Heiggaza" {crush, rF+ Str+2}
                  | (You found it on level 4 of the Lair of Beasts)
 13144 | Lair:4   | Noticed an entropy weaver
 13144 | Lair:4   | XOM: fog
 13168 | Lair:4   | Killed an entropy weaver
 13172 | Lair:4   | XOM: summons 2 friendly demons
 13184 | Lair:4   | XOM: harmless Hex miscast
 13213 | Lair:4   | XOM: enchant monster (good)
 13225 | Lair:4   | Noticed an entropy weaver
 13241 | Lair:4   | Killed an entropy weaver
 13247 | Lair:4   | XOM: swap monsters
 13248 | Lair:4   | XOM: noise
 13324 | Lair:4   | XOM: confusion (+ monsters)
 13325 | Lair:4   | XOM: enchant monster (good)
 13392 | Lair:4   | XOM: divination: detect creatures
 13400 | Lair:4   | XOM: summons friendly shadow imp
 13404 | Lair:4   | XOM: summons 4 hostile demons
 13549 | Lair:4   | XOM: swap monsters
 13555 | Lair:4   | XOM: polymorph yak -> queen bee
 13657 | Lair:4   | XOM: chaos cloud
 13670 | Lair:4   | XOM: cast spell 'Summon Butterflies'
 13680 | Lair:4   | XOM: confuse monster(s)
 13688 | Lair:4   | XOM: scenery: create altars
 13692 | Lair:4   | XOM: confuse monster(s)
 13712 | Lair:4   | XOM: fog
 13844 | Lair:4   | Found a glowing silver altar of Zin.
 13866 | Lair:4   | XOM: confusion (+ monsters)
 14173 | Lair:5   | Found a dark tunnel.
 14184 | Volcano  | Entered a volcano
 14195 | Volcano  | XOM: mild Ice miscast
 14569 | Lair:5   | XOM: swap monsters
 14589 | Lair:5   | Reached XP level 14. HP: 108/126 MP: 18/18
 14596 | Lair:5   | XOM: mild Air miscast
 14597 | Lair:5   | Found a staircase to the Slime Pits.
 14615 | Lair:5   | XOM: confuse monster(s)
 14788 | Lair:5   | XOM: noise
 15328 | Lair:6   | Entered Level 6 of the Lair of Beasts
 15335 | Lair:6   | Reached skill level 10 in Shields
 15350 | Lair:6   | XOM: silly message
 15555 | Lair:6   | XOM: noise
 15558 | Lair:6   | XOM: confuse monster(s)
 15564 | Lair:6   | XOM: divination: detect items
 15566 | Lair:6   | XOM: blink monster(s)
 15765 | Lair:6   | Reached skill level 15 in Axes
 15772 | Lair:6   | XOM: noise
 15780 | Lair:6   | XOM: harmless Erth miscast
 15817 | Lair:6   | XOM: noise
 15833 | Lair:6   | XOM: harmless Erth miscast
 15916 | Lair:6   | XOM: summons 3 friendly demons
 16018 | Lair:6   | Got an ichor-stained hand axe
 16163 | Lair:6   | XOM: blink monster(s)
 16231 | Lair:6   | XOM: noise
 16466 | Lair:6   | XOM: medium Hex miscast
 16469 | Lair:6   | XOM: medium Pois miscast
 16554 | Lair:6   | Got a pair of polished gloves
 16565 | Lair:6   | Identified the cursed +0 pair of gloves of Summer {Slay+4
                  | Stlth-} (You found it on level 6 of the Lair of Beasts)
 16566 | Lair:6   | XOM: harmless Tloc miscast
 16724 | Lair:6   | Got a slimy scale mail
 16735 | Lair:6   | Identified the +3 scale mail of the Sunfish {rPois MR+
                  | Str-2 Dex+7} (You found it on level 6 of the Lair of
                  | Beasts)
 16839 | Lair:6   | XOM: god gift: 17 stones
 17111 | Lair:6   | XOM: god gift: 4 silver boomerangs
 17316 | Orc:1    | Entered Level 1 of the Orcish Mines
 17316 | Orc:1    | Found Eduitit's Jewellery Boutique.
 17344 | Orc:1    | XOM: scenery: create altars
 17398 | Orc:1    | Bought the ring of a Million Tables {rC+ MR+++ rCorr Int-3}
                  | for 583 gold pieces
 17402 | Orc:1    | XOM: give mutations
 17402 | Orc:1    | Gained mutation: You are partially covered in large bone
                  | plates. (SH +4) [Xom's grace]
 17402 | Orc:1    | Gained mutation: Your skin changes colour to match your
                  | surroundings (Stealth+). [Xom's grace]
 17402 | Orc:1    | Gained mutation: You expend magic power (3 MP) to
                  | strengthen your wands. [Xom's grace]
 17442 | Orc:1    | XOM: divination: detect items
 17522 | D:9      | Bought a +0 large shield for 67 gold pieces
 17566 | Orc:1    | Bought an uncursed amulet of guardian spirit for 450 gold
                  | pieces
 17669 | Orc:1    | Identified the +9 hand axe of Lasobry {chop, rN+ MP-9
                  | Str+6} (You found it on level 6 of the Lair of Beasts)
 17826 | Orc:2    | Entered Level 2 of the Orcish Mines
 17855 | Orc:2    | Found a staircase to the Elven Halls.
 17879 | Orc:2    | XOM: 5-stop teleportation journey
 17880 | Orc:2    | Noticed Rupert
 17885 | Orc:2    | XOM: fog
 17888 | Orc:2    | XOM: mild Tmut miscast
 17891 | Orc:2    | XOM: god gift: 3 scrolls of fear
 17901 | Orc:2    | Noticed Rupert
 17901 | Orc:2    | Rupert changed into Rupert the azure jelly
 17901 | Orc:2    | XOM: polymorph Rupert -> Rupert the azure jelly
 17911 | Orc:2    | Killed Rupert the azure jelly
 17931 | Orc:2    | XOM: noise
 17992 | Orc:2    | XOM: harmless Necr miscast
 18117 | Orc:2    | XOM: potion effect (haste)
 18190 | Orc:2    | XOM: noise
 18192 | Orc:2    | XOM: 2-stop teleportation journey
 18211 | Orc:2    | XOM: noise
 18212 | Orc:2    | XOM: confuse monster(s)
 18462 | Orc:2    | Found Gymeodod's Book Shop.
 18462 | Orc:2    | Found Riufakk's Gadget Shoppe.
 18508 | Orc:2    | XOM: divination: magic mapping
 18515 | Orc:2    | Found a roughly hewn altar of Beogh.
 18525 | Orc:2    | Found Bocvaum's Distillery.
 18525 | Orc:2    | Found Nyonaong's Magic Scroll Shop.
 18561 | Orc:2    | Bought 2 potions of heal wounds for 120 gold pieces
 18561 | Orc:2    | Bought a potion of heal wounds for 60 gold pieces
 18561 | Orc:2    | Bought a potion of heal wounds for 60 gold pieces
 18577 | Orc:2    | Bought a scroll of enchant armour for 75 gold pieces
 18737 | Orc:2    | Noticed Urug
 18750 | Orc:2    | Killed Urug
 18785 | Orc:2    | Found Feecza's Jewellery Shop.
 18827 | Orc:2    | XOM: harmless Fire miscast
 19059 | Orc:1    | XOM: cloud trail
 19104 | Orc:1    | XOM: harmless Fire miscast
 19187 | Orc:1    | XOM: confuse monster(s)
 19361 | Orc:1    | XOM: confuse monster(s)
 19364 | Orc:1    | Reached XP level 15. HP: 134/134 MP: 20/20
 19365 | Orc:1    | XOM: confuse monster(s)
 19375 | Orc:1    | XOM: summons 4 friendly demons
 19719 | D:12     | XOM: chaos cloud
 19722 | D:12     | XOM: blink monster(s)
 19761 | D:12     | XOM: noise
 20196 | D:13     | XOM: smoke on damage
 20198 | D:13     | XOM: polymorph orb spider -> shapeshifter
 20239 | D:13     | You fall into a shaft and drop 1 floor!
 20283 | D:14     | Found a gate to the Vaults.
 20283 | D:14     | XOM: potion effect (brilliance)
 20288 | D:14     | XOM: harmless Hex miscast
 20290 | D:14     | XOM: potion effect (haste)
 20298 | D:14     | XOM: potion effect (agility)
 20301 | D:14     | XOM: summons 3 friendly demons
 20313 | D:14     | XOM: cast spell 'Summon Small Mammal'
 20321 | D:14     | XOM: divination: magic mapping
 20385 | D:14     | XOM: scenery: 1 doors close
 20575 | D:14     | XOM: polymorph centaur warrior -> shapeshifter
 20578 | D:14     | XOM: divination: detect items
 20587 | D:14     | XOM: fog
 20598 | D:14     | XOM: god gift: potion of curing
 20684 | D:14     | XOM: fog
 20725 | D:13     | XOM: 4-stop teleportation journey
 20879 | D:13     | XOM: give mutations
 20879 | D:13     | Lost mutation: You are partially covered in slimy green
                  | scales. (AC +2) [Xom's mischief]
 20879 | D:13     | Gained mutation: You are clumsy. (Dex -2) [Xom's mischief]
 20879 | D:13     | Lost mutation: You are weak. (Str -2) [Xom's mischief]
 21246 | D:14     | XOM: give mutations
 21246 | D:14     | Gained mutation: Scrolls take you a little longer to read.
                  | [Xom's mischief]
 21246 | D:14     | Lost mutation: Scrolls take you a little longer to read.
                  | [Xom's mischief]
 21458 | D:15     | Entered Level 15 of the Dungeon
 21464 | D:15     | XOM: confuse monster(s)
 21502 | D:14     | XOM: cleaving
 21765 | D:15     | XOM: cast spell 'Disjunction'
 21779 | D:15     | XOM: 2-stop teleportation journey
 21831 | D:15     | XOM: divination: detect creatures
 21836 | D:15     | XOM: confuse monster(s)
 21948 | D:15     | Found a staircase to the Depths.
 21954 | D:15     | Reached XP level 16. HP: 142/142 MP: 22/22
 22372 | Lair:3   | XOM: give mutation
 22372 | Lair:3   | Gained mutation: You possess an exceptional clarity of
                  | mind. [Xom's grace]
 22400 | Shoals:1 | Entered Level 1 of the Shoals
 22628 | Shoals:1 | XOM: divination: magic mapping
 22804 | Shoals:1 | XOM: smoke on damage
 22818 | Shoals:1 | Identified the cursed +0 hunting sling of the Final
                  | Decision {velocity, rPois}
 22823 | Shoals:1 | XOM: mild Necr miscast
 22963 | Shoals:2 | XOM: confuse monster(s)
 22994 | Shoals:2 | Reached skill level 10 in Evocations
 23360 | Orc:2    | Bought the amulet "Rewuili" {Reflect rC++ rN++ SH+3} for
                  | 709 gold pieces
 23674 | Shoals:2 | XOM: summons 9 friendly demons
 23687 | Shoals:2 | XOM: repel stairs
 23695 | Shoals:2 | XOM: harmless Air miscast
 23700 | Shoals:2 | XOM: swap monsters
 23829 | Shoals:2 | XOM: swap monsters
 23944 | Shoals:2 | XOM: summons 1 hostile shadow creature
 23964 | Shoals:2 | XOM: harmless Air miscast
 23966 | Shoals:2 | XOM: swap monsters
 24153 | Shoals:3 | XOM: swap monsters
 24159 | Shoals:3 | Reached skill level 15 in Shields
 24160 | Shoals:3 | XOM: silly message
 24269 | Shoals:3 | XOM: divination: magic mapping
 24270 | Shoals:3 | XOM: polymorph satyr -> satyr
 24274 | Shoals:3 | XOM: potion effect (haste)
 24284 | Shoals:3 | XOM: 5-stop teleportation journey
 24310 | Shoals:3 | XOM: fake destruction
 24405 | Shoals:3 | XOM: divination: magic mapping
 24574 | Shoals:3 | XOM: enchant monster (good)
 24949 | Snake:1  | Entered Level 1 of the Snake Pit
 24958 | Snake:1  | XOM: 4-stop teleportation journey
 25085 | Snake:1  | XOM: medium Pois miscast
 25160 | Snake:1  | XOM: harmless Necr miscast
 25196 | Snake:1  | XOM: cleaving
 25198 | Snake:1  | XOM: polymorph naga warrior -> shapeshifter
 25255 | Snake:1  | XOM: swap monsters
 25373 | Snake:1  | XOM: swap monsters
 25381 | Snake:1  | XOM: confuse monster(s)
 25389 | Snake:1  | XOM: harmless Tmut miscast
 25471 | Snake:1  | XOM: cast spell 'Summon Horrible Things'
 25523 | Snake:1  | XOM: medium Ice miscast
 25640 | Snake:1  | Reached XP level 17. HP: 116/149 MP: 24/24
 25947 | Snake:1  | XOM: polymorph anaconda -> shock serpent
 26028 | Snake:1  | Noticed Aizul
 26042 | Snake:1  | Killed Aizul
 26444 | Snake:1  | XOM: god gift: scroll of brand weapon
 26553 | Snake:2  | XOM: swap monsters
 26648 | Snake:2  | XOM: potion effect (might)
 26678 | Snake:2  | XOM: scenery: 1 doors open, 1 doors close
 26719 | Snake:2  | XOM: polymorph naga ritualist -> troll
 26763 | Snake:2  | XOM: cloud trail
 26782 | Snake:2  | XOM: god gift: runed lajatang {god gift}
 26876 | Snake:2  | XOM: fog
 26901 | Snake:2  | XOM: divination: detect creatures
 26907 | Snake:2  | XOM: fog
 26908 | Snake:2  | XOM: polymorph naga warrior -> shining eye
 27027 | Snake:2  | XOM: mild Tloc miscast
 27090 | Snake:2  | Noticed Jorgrun
 27096 | Snake:2  | Killed Jorgrun
 27192 | Snake:2  | XOM: scenery: create altars
 27370 | Snake:2  | XOM: smoke on damage
 27935 | Snake:3  | XOM: potion effect (brilliance)
 28041 | Snake:4  | Entered Level 4 of the Snake Pit
 28048 | Snake:4  | XOM: cleaving
 28137 | Snake:4  | XOM: 4-stop teleportation journey
 28160 | Snake:4  | XOM: snakes to sticks
 28203 | Snake:4  | XOM: summons 3 friendly demons
 28204 | Snake:4  | XOM: enchant monster (good)
 28402 | Snake:4  | XOM: noise
 28548 | Snake:4  | XOM: noise
 28591 | Snake:4  | XOM: 1-stop teleportation journey
 28603 | Snake:4  | XOM: chaos upgrade
 28605 | Snake:4  | XOM: enchant monster (bad)
 28640 | Snake:4  | XOM: harmless Tloc miscast
 28686 | Snake:4  | XOM: 2-stop teleportation journey
 28691 | Snake:4  | XOM: fog
 28865 | Snake:4  | XOM: harmless Pois miscast
 28925 | Snake:4  | XOM: harmless Tloc miscast
 29019 | Snake:4  | XOM: summons 8 friendly demons
 29035 | Snake:4  | XOM: potion effect (agility)
 29053 | Snake:4  | Reached skill level 10 in Dodging
 29135 | Snake:4  | XOM: summons 3 friendly demons
 29144 | Snake:4  | Reached XP level 18. HP: 94/158 MP: 25/25
 29150 | Snake:4  | XOM: harmless Conj miscast
 29154 | Snake:4  | XOM: divination: magic mapping
 29155 | Snake:4  | XOM: enchant monster (bad)
 29162 | Snake:4  | XOM: chaos upgrade
 29207 | Snake:4  | XOM: summons 2 friendly demons
 29318 | Snake:4  | XOM: give mutations
 29318 | Snake:4  | Lost mutation: You have very sharp teeth. [Xom's mischief]
 29318 | Snake:4  | Lost mutation: You are frail. (-10% HP) [Xom's mischief]
 29345 | Snake:4  | XOM: polymorph naga -> wolf
 29366 | Snake:4  | XOM: god gift: robe {god gift}
 29456 | Snake:4  | XOM: give mutation
 29456 | Snake:4  | Gained mutation: You occasionally shout uncontrollably at
                  | your foes. [Xom's mischief]
 29670 | Snake:4  | XOM: summons friendly shadow imp
 29673 | Snake:4  | XOM: polymorph shadow imp -> quasit
 29674 | Snake:4  | XOM: cleaving
 29718 | Snake:4  | XOM: scenery: create altars
 29773 | Snake:4  | XOM: divination: detect creatures
 29783 | Snake:4  | XOM: cleaving
 29815 | Snake:4  | XOM: potion effect (brilliance)
 29919 | Snake:4  | Got a serpentine rune of Zot
 30022 | Snake:3  | XOM: torment (117/178 hp)
 30232 | Orc:2    | Bought a scroll of enchant weapon for 75 gold pieces
 30232 | Orc:2    | Bought a scroll of enchant weapon for 75 gold pieces
 30232 | Orc:2    | Bought a scroll of fear for 35 gold pieces
 30232 | Orc:2    | Bought a scroll of identify for 20 gold pieces
 30504 | Shoals:4 | Entered Level 4 of the Shoals
 30505 | Shoals:4 | Upgraded the game from 0.24-a0-441-g27f0392e16 to
                  | 0.24-a0-443-g80245de385
 30608 | Shoals:4 | XOM: polymorph snapping turtle -> tyrant leech
 30667 | Shoals:4 | XOM: enchant monster (bad)
 30680 | Shoals:4 | Got a smoking bronze ring
 30682 | Shoals:4 | Identified the ring of Bewneny {+Fly rC- rCorr Dex+4 SInv}
                  | (You found it on level 4 of the Shoals)
 30726 | Shoals:4 | XOM: noise
 30727 | Shoals:4 | XOM: swap monsters
 30776 | Shoals:4 | XOM: divination: magic mapping
 30778 | Shoals:4 | Noticed Louise
 30927 | Shoals:4 | XOM: enchant monster (good)
 30936 | Shoals:4 | XOM: potion effect (brilliance)
 30938 | Shoals:4 | XOM: potion effect (agility)
 30944 | Shoals:4 | XOM: potion effect (haste)
 30979 | Shoals:4 | XOM: potion effect (magic)
 30999 | Shoals:4 | Killed Louise
 31170 | Shoals:4 | Got a barnacled rune of Zot
 31173 | Shoals:4 | XOM: harmless Fire miscast
 31196 | Shoals:4 | XOM: potion effect (invisibility)
 31336 | Shoals:4 | XOM: medium Summ miscast
 31358 | Shoals:4 | XOM: medium Air miscast
 31456 | Shoals:4 | XOM: summons 3 friendly demons
 31827 | Vaults:1 | Entered Level 1 of the Vaults
 31855 | Vaults:1 | XOM: harmless Necr miscast
 31894 | Vaults:1 | XOM: repel stairs
 31971 | Vaults:1 | XOM: 10-stop teleportation journey
 31985 | Vaults:1 | Reached XP level 19. HP: 177/185 MP: 27/27
 32015 | Vaults:1 | XOM: give mutations
 32015 | Vaults:1 | Lost mutation: Your spells are much harder to cast, but
                  | much more powerful. [Xom's mischief]
 32015 | Vaults:1 | Lost mutation: You are somewhat resistant to further
                  | mutation. [Xom's mischief]
 32015 | Vaults:1 | Lost mutation: You expend magic power (3 MP) to strengthen
                  | your wands. [Xom's mischief]
 32015 | Vaults:1 | Lost mutation: You possess an exceptional clarity of mind.
                  | [Xom's mischief]
 32252 | Vaults:1 | XOM: destruction
 32254 | Vaults:1 | XOM: enchant monster (good)
 32266 | Vaults:1 | XOM: mild Fire miscast
 32549 | Vaults:1 | XOM: mild Tloc miscast
 32584 | Vaults:1 | XOM: give mutations
 32584 | Vaults:1 | Gained mutation: You are frail. (-10% HP) [Xom's mischief]
 32584 | Vaults:1 | Lost mutation: You are frail. (-10% HP) [Xom's mischief]
 32584 | Vaults:1 | Gained mutation: You are very clumsy. (Dex -4) [Xom's
                  | mischief]
 32588 | Vaults:1 | XOM: chaos upgrade
 32620 | Vaults:1 | XOM: noise
 32621 | Vaults:1 | XOM: cast spell 'Summon Mana Viper'
 32686 | Vaults:1 | Noticed Eneuly's ghost (legendary MfIE)
 32696 | Vaults:1 | XOM: give mutations
 32696 | Vaults:1 | Gained mutation: Your muscles are strong. (Str +2) [Xom's
                  | grace]
 32696 | Vaults:1 | Gained mutation: You are partially covered in molten
                  | scales. (AC +2) [Xom's grace]
 32696 | Vaults:1 | Gained mutation: Your muscles are very strong. (Str +4)
                  | [Xom's grace]
 32696 | Vaults:1 | Gained mutation: Your system is resistant to poisons.
                  | (rPois) [Xom's grace]
 32704 | Vaults:1 | Found a large runed translucent door.
 32704 | Vaults:1 | Found a large runed translucent door.
 32872 | Vaults:1 | XOM: cloud trail
 33193 | Vaults:2 | XOM: noise
 33328 | Vaults:2 | XOM: fake destruction
 33366 | Vaults:2 | XOM: 7-stop teleportation journey
 33530 | Vaults:2 | XOM: smoke on damage
 33642 | Vaults:2 | XOM: scenery: 2 doors close
 33643 | Vaults:2 | XOM: summons 3 friendly demons
 33767 | Vaults:2 | XOM: 2-stop teleportation journey
 33902 | Vaults:2 | XOM: scenery: 1 doors open, 1 doors close
 33996 | Vaults:2 | XOM: harmless Summ miscast
 34000 | Vaults:2 | XOM: scenery: 1 doors close
 34019 | Vaults:2 | XOM: destruction
 34229 | Vaults:2 | XOM: divination: magic mapping
 34419 | Vaults:3 | XOM: polymorph vault warden -> iron troll
 34424 | Vaults:3 | XOM: polymorph yaktaur -> jumping spider
 34489 | Vaults:3 | Identified the ring of Geteozxe {Int+4 Dex+4}
 34497 | Vaults:3 | XOM: summons 9 hostile demons
 34508 | Vaults:3 | XOM: confuse monster(s)
 34510 | Vaults:3 | Reached XP level 20. HP: 195/195 MP: 28/28
 34521 | Vaults:3 | XOM: potion effect (might)
 34647 | Vaults:3 | XOM: summons 7 friendly demons
 34786 | Vaults:3 | XOM: polymorph demonic crawler -> apocalypse crab
 35108 | Vaults:3 | XOM: enchant monster (bad)
 35111 | Vaults:3 | XOM: 6-stop teleportation journey
 35195 | Vaults:3 | XOM: confuse monster(s)
 35217 | Vaults:3 | Found a staircase to the Crypt.
 35217 | Vaults:3 | Found a basalt altar of Yredelemnul.
 35218 | Vaults:3 | Found an ancient bone altar of Kikubaaqudgha.
 35218 | Vaults:3 | XOM: scenery: create altars
 35483 | Vaults:3 | XOM: god gift: 48 gold pieces
 35561 | Vaults:3 | XOM: divine lightning
 35598 | Vaults:3 | XOM: give mutations
 35598 | Vaults:3 | Gained mutation: You are surrounded by a mild repulsion
                  | field. (EV +2) [Xom's grace]
 35598 | Vaults:3 | Gained mutation: You evolve. [Xom's grace]
 35598 | Vaults:3 | Lost mutation: You evolve. [Xom's grace]
 35598 | Vaults:3 | Gained mutation: You are somewhat resistant to further
                  | mutation. [Xom's grace]
 35829 | Vaults:4 | XOM: 5-stop teleportation journey
 36073 | Vaults:4 | Found Vistraumm's Gadget Boutique.
 36080 | Vaults:4 | Bought a wand of acid (5) for 270 gold pieces
 36080 | Vaults:4 | Bought a wand of clouds (2) for 270 gold pieces
 36080 | Vaults:4 | Bought a wand of digging (8) for 360 gold pieces
 36130 | Vaults:4 | Noticed Agnes
 36131 | Vaults:4 | Noticed Sojobo
 36150 | Vaults:4 | Killed Agnes
 36175 | Vaults:4 | Killed Sojobo
 36204 | Vaults:4 | Found Cewnorgh's Weapon Shop.
 36253 | Vaults:4 | XOM: mild Necr miscast
 36260 | Vaults:4 | XOM: confusion (+ monsters)
 36338 | Vaults:4 | XOM: divination: detect items
 36372 | Vaults:4 | Found Weliol's Antique Armour Boutique.
 36422 | Vaults:4 | XOM: harmless Ice miscast
 36484 | Vaults:4 | Identified the +3 flail of Plog {vamp, rElec}
 36587 | Vaults:4 | Found Anguagam's Antique Armour Emporium.
 36639 | Vaults:4 | XOM: harmless Hex miscast
 36820 | Vaults:4 | Found Qevod's Assorted Antiques.
 36824 | Vaults:4 | Bought a scroll of teleportation for 108 gold pieces
 36843 | Vaults:4 | XOM: harmless Pois miscast
 36960 | Vaults:4 | XOM: harmless Pois miscast
 37137 | D:14     | XOM: mild Necr miscast
 37281 | Elf:1    | Entered Level 1 of the Elven Halls
 37357 | Elf:1    | Found a ruined gateway.
 37370 | Desolati | Entered the Desolation of Salt
 37454 | Desolati | XOM: divination: magic mapping
 37477 | Desolati | Reached XP level 21. HP: 156/205 MP: 30/30
 37487 | Desolati | XOM: cleaving
 37620 | Desolati | XOM: god gift: phantom mirror
 37664 | Desolati | XOM: 7-stop teleportation journey
 37673 | Desolati | XOM: summons 14 friendly demons
 37708 | Desolati | XOM: god gift: glowing broad axe {god gift}
 37726 | Desolati | XOM: divine lightning
 37752 | Desolati | XOM: cleaving
 37838 | Desolati | XOM: scenery: create altars
 38048 | Desolati | Identified Sif Muna's Handbook of Helpful Sinister Magic
 38053 | Desolati | Identified the cursed +1 scale mail of Ikupneim {rF- Int+5}
                  | (You found it in the Desolation of Salt)
 38104 | Desolati | Found the +1 cloak of Starlight {rElec rC+ EV+4 Stlth--}
 38106 | Desolati | Got a crude tin ring
 38107 | Desolati | Identified the ring "Hatwosof" {rElec rPois Int+2} (You
                  | found it in the Desolation of Salt)
 38124 | Desolati | Identified the Collected Works on the Toxic Blaze
 38223 | Desolati | XOM: scenery: create altars
 38339 | Desolati | Identified the +2 pair of boots of Sunlight {rF- rC+ rN+
                  | Str+2} (You found it in the Desolation of Salt)
 38346 | Desolati | Identified a +1 pair of boots of running (You found it in
                  | the Desolation of Salt)
 38552 | Elf:1    | Found a deep blue altar of Sif Muna.
 39283 | Elf:2    | Identified the +4 scale mail "Jaexul Guaps" {Int+3} (You
                  | found it on level 2 of the Elven Halls)
 39297 | Elf:2    | XOM: summons friendly white imp
 39313 | Elf:2    | XOM: polymorph white imp -> iron imp
 39318 | Elf:2    | Found Uzxunteng's Jewellery Emporium.
 39338 | Elf:2    | XOM: summons friendly quasit
 39543 | Elf:2    | Found a runed translucent gate.
 39543 | Elf:2    | Found a runed translucent gate.
 39554 | Elf:2    | Found a runed translucent gate.
 39593 | Elf:2    | XOM: summons friendly white imp
 39929 | Elf:2    | XOM: 1-stop teleportation journey
 40057 | Elf:2    | XOM: summons friendly white imp
 40185 | Elf:3    | Entered Level 3 of the Elven Halls
 40222 | Elf:3    | Found a deep blue altar of Sif Muna.
 40225 | Elf:3    | Found Anuchal's Antique Armour Shoppe.
 40525 | Depths:1 | Entered Level 1 of the Depths
 40525 | Depths:1 | XOM: 2-stop teleportation journey
 40529 | Depths:1 | Found a glowing golden altar of the Shining One.
 40603 | Depths:1 | XOM: 4-stop teleportation journey
 40604 | Depths:1 | XOM: harmless Conj miscast
 40630 | Depths:1 | XOM: harmless Tmut miscast
 40638 | Depths:1 | XOM: torment (108/206 hp)
 40643 | Depths:1 | XOM: swap monsters
 40644 | Depths:1 | XOM: polymorph deep troll -> sea snake
 40647 | Depths:1 | XOM: polymorph sea snake -> shining eye
 40652 | Depths:1 | Reached XP level 22. HP: 148/215 MP: 31/31
 40762 | Depths:1 | XOM: mild Conj miscast
 40766 | Depths:1 | XOM: summons 1 hostile demon
 40945 | Depths:1 | Found Ytigink's Hallowed Reliquary.
 40947 | Depths:1 | Found a glowing silver altar of Zin.
 40951 | Depths:1 | Bought a potion of heal wounds for 70 gold pieces
 40951 | Depths:1 | Bought a potion of heal wounds for 70 gold pieces
 40973 | Depths:1 | XOM: enchant monster (bad)
 40998 | Depths:1 | XOM: medium Summ miscast
 41047 | Depths:1 | XOM: summons 11 friendly demons
 41138 | Depths:1 | XOM: divine lightning
 41227 | Depths:1 | XOM: cast spell 'Call Canine Familiar'
 41246 | Depths:1 | XOM: divination: detect creatures
 41247 | Depths:1 | XOM: potion effect (curing)
 41304 | Depths:1 | Found a runed translucent door.
 41333 | Depths:1 | Identified the Guide on Companions and the Voyage
 41348 | Depths:1 | XOM: harmless Chrm miscast
 41695 | Lair:3   | Killed Loge's ghost
 41731 | Lair:3   | XOM: harmless Necr miscast
 42210 | Depths:1 | XOM: god gift: 22 gold pieces
 42396 | Depths:1 | Found a runed translucent door.
 42397 | Depths:1 | Noticed an ancient lich
 42491 | Depths:1 | Found a gateway to Hell.
 42527 | Depths:1 | XOM: noise
 42530 | Depths:1 | XOM: god gift: broad axe {god gift}
 42636 | Depths:1 | XOM: give mutations
 42636 | Depths:1 | Lost mutation: Your skin changes colour to match your
                  | surroundings (Stealth+). [Xom's mischief]
 42636 | Depths:1 | Lost mutation: Your spells are harder to cast, but more
                  | powerful. [Xom's mischief]
 42636 | Depths:1 | Lost mutation: Your spells are a little harder to cast, but
                  | a little more powerful. [Xom's mischief]
 42689 | Depths:1 | Killed an ancient lich
 42732 | Depths:2 | Found a one-way gate leading to the halls of Pandemonium.
 42742 | Depths:2 | XOM: enchant monster (bad)
 42808 | Depths:2 | XOM: medium Erth miscast
 42810 | Depths:2 | XOM: fog
 42827 | Depths:2 | Found a flickering gateway to a bazaar.
 42851 | Bazaar   | Entered a bazaar
 42851 | Bazaar   | Found Lan Joug's Antique Armour Emporium.
 42851 | Bazaar   | Found Xagemoen's Armour Shop.
 42851 | Bazaar   | Found Famn's Book Shoppe.
 42853 | Bazaar   | Found Haqyff Hupn's Book Boutique.
 42853 | Bazaar   | Found Taogh's Antique Armour Shoppe.
 42902 | Bazaar   | Bought a pair of bloodstained boots for 247 gold pieces
 42914 | Bazaar   | Identified the +0 pair of boots of Greed {Int+7} (You
                  | bought it in a shop in a bazaar)
 42927 | Bazaar   | XOM: medium Air miscast
 42984 | Depths:2 | XOM: noise
 42994 | Depths:2 | Found a gateway to a ziggurat.
 43018 | Depths:2 | XOM: fake destruction
 43023 | Depths:2 | XOM: fog
 43028 | Depths:2 | Reached skill level 15 in Evocations
 43119 | Depths:2 | XOM: noise
 43124 | Depths:2 | Found a one-way gate to the infinite horrors of the Abyss.
 43126 | Depths:2 | XOM: polymorph necromancer -> glowing orange brain
 43134 | Depths:2 | XOM: confuse monster(s)
 43457 | Depths:2 | XOM: mild Air miscast
 43480 | Depths:2 | Noticed a greater mummy
 43490 | Depths:2 | XOM: 1-stop teleportation journey
 43611 | Depths:2 | XOM: noise
 43620 | Depths:2 | Killed a greater mummy
 43656 | Depths:2 | XOM: harmless Pois miscast
 43748 | Depths:3 | XOM: stat loss: -1 Dex (9/10)
 43824 | Depths:3 | XOM: enchant monster (good)
 43933 | Depths:3 | XOM: polymorph deep troll -> shapeshifter
 43959 | Depths:3 | XOM: potion effect (agility)
 43966 | Depths:3 | XOM: divine lightning
 43968 | Depths:3 | XOM: noise
 43971 | Depths:3 | XOM: noise
 43974 | Depths:3 | XOM: cast spell 'Cause Fear'
 44027 | Depths:3 | XOM: divination: detect items
 44030 | Depths:3 | XOM: confuse monster(s)
 44081 | Depths:3 | XOM: cleaving
 44087 | Depths:3 | Reached XP level 23. HP: 224/224 MP: 33/33
 44251 | Depths:3 | XOM: fog
 44261 | Depths:3 | XOM: summons friendly quasit
 44264 | Depths:3 | XOM: 6-stop teleportation journey
 44322 | Depths:3 | XOM: scenery: create altars
 44338 | Depths:3 | XOM: enchant monster (bad)
 44373 | Depths:3 | XOM: god gift: 25 bolts
 44434 | Depths:3 | XOM: give mutations
 44434 | Depths:3 | Gained mutation: You have sharp toenails. [Xom's grace]
 44434 | Depths:3 | Gained mutation: You have supernaturally acute eyesight.
                  | (SInv) [Xom's grace]
 44458 | Depths:3 | XOM: cloud trail
 44463 | Depths:3 | XOM: god gift: wand of polymorph (6)
 44471 | Depths:3 | XOM: enchant monster (good)
 44486 | Depths:3 | Identified a scroll of acquirement
 44490 | Depths:3 | Identified the amulet "Corimigu" {Reflect *Slow MR++ Str+3
                  | SH+4} (You acquired it on level 3 of the Depths)
 44630 | Depths:3 | XOM: confusion (+ monsters)
 44717 | Depths:3 | Found the +12 Vampire's Tooth {vamp}
 45132 | Depths:4 | XOM: swap monsters
 45136 | Depths:4 | XOM: swap monsters
 45339 | Depths:4 | XOM: harmless Necr miscast
 45411 | Depths:4 | XOM: scenery: 3 doors open
 45529 | Depths:4 | XOM: harmless Hex miscast
 45572 | Depths:4 | XOM: enchant monster (good)
 45580 | Depths:4 | XOM: confusion (+ monsters)
 45593 | Depths:4 | XOM: confuse monster(s)
 45608 | Depths:4 | XOM: mild Erth miscast
 45829 | Depths:4 | XOM: harmless Pois miscast
 45884 | Depths:4 | XOM: cloud trail
 46019 | Depths:4 | XOM: confuse monster(s)
 46150 | Depths:4 | XOM: confuse monster(s)
 46151 | Depths:4 | XOM: noise
 46154 | Depths:4 | XOM: 2-stop teleportation journey
 46201 | Depths:4 | XOM: give mutations
 46201 | Depths:4 | Gained mutation: You have a pair of large horns on your
                  | head. [Xom's grace]
 46201 | Depths:4 | Gained mutation: Your spells are a little harder to cast,
                  | but a little more powerful. [Xom's grace]
 46223 | Depths:4 | XOM: polymorph tentacled monstrosity -> Tzitzimitl
 46228 | Depths:4 | XOM: god gift: twisted smoking staff {god gift}
 46453 | Depths:4 | XOM: confusion
 46467 | Depths:4 | XOM: confuse monster(s)
 46489 | Depths:4 | XOM: confuse monster(s)
 46544 | Depths:4 | XOM: scenery: 1 doors close
 46603 | Depths:5 | Entered Level 5 of the Depths
 46606 | Depths:5 | Noticed a juggernaut
 46607 | Depths:5 | XOM: fog
 46617 | Depths:5 | XOM: enchant monster (good)
 46622 | Depths:5 | Killed a juggernaut
 47089 | Depths:5 | Reached XP level 24. HP: 235/235 MP: 34/34
 47098 | Depths:5 | XOM: 9-stop teleportation journey
 47232 | Depths:5 | Found a gate to the Realm of Zot.
 47247 | Depths:5 | XOM: give mutation
 47247 | Depths:5 | Lost mutation: Your spells are a little harder to cast, but
                  | a little more powerful. [Xom's mischief]
 47363 | Depths:5 | XOM: cleaving
 47386 | Depths:5 | XOM: summons 3 friendly demons
 47466 | Depths:5 | XOM: enchant monster (good)
 47631 | Depths:5 | XOM: god gift: 4 rations
 47986 | Crypt:1  | Entered Level 1 of the Crypt
 48103 | Crypt:1  | XOM: cloud trail
 48197 | Crypt:1  | XOM: fog
 48354 | Crypt:1  | XOM: enchant monster (good)
 48394 | Crypt:1  | XOM: scenery: create altars
 48400 | Crypt:1  | XOM: mild Conj miscast
 48498 | Crypt:1  | XOM: 1-stop teleportation journey
 48507 | Crypt:1  | Noticed Jory
 48520 | Crypt:1  | Killed Jory
 48580 | Crypt:1  | Found a basalt altar of Yredelemnul.
 48589 | Crypt:1  | XOM: destruction
 48731 | Crypt:1  | XOM: 9-stop teleportation journey
 48943 | Crypt:1  | XOM: divination: detect creatures
 49164 | Crypt:2  | XOM: enchant monster (good)
 49373 | Crypt:2  | Found a runed translucent gate.
 49374 | Crypt:2  | Found a runed translucent gate.
 49375 | Crypt:2  | Found a runed translucent gate.
 49376 | Crypt:2  | Noticed Cumameil's ghost (adept GrFi)
 49376 | Crypt:2  | Noticed Lusmuynt's ghost (veteran TrCK)
 49376 | Crypt:2  | Noticed Efutuir's ghost (veteran GnWn)
 49425 | Crypt:2  | Killed Efutuir's ghost
 49432 | Crypt:2  | XOM: cast spell 'Summon Mana Viper'
 49444 | Crypt:2  | Killed Lusmuynt's ghost
 49501 | Crypt:2  | Identified the -2 hat of Watchfulness {rElec MP+9 Str+3
                  | Dex-5} (You found it on level 2 of the Crypt)
 49532 | Crypt:2  | Noticed Margery
 49557 | Crypt:2  | Killed Margery
 49575 | Crypt:2  | XOM: god gift: hand crossbow {god gift}
 49580 | Crypt:2  | XOM: 2-stop teleportation journey
 49600 | Crypt:2  | XOM: 1-stop teleportation journey
 49644 | Crypt:2  | Killed Cumameil's ghost
 49785 | Crypt:2  | Got a vibrating tin ring
 49809 | Crypt:2  | Identified the ring of Broken Luck {Ice Str+4 Int+3 Dex+4}
                  | (You found it on level 2 of the Crypt)
 50094 | Crypt:3  | Entered Level 3 of the Crypt
 50127 | Crypt:3  | XOM: give mutations
 50127 | Crypt:3  | Gained mutation: You can translocate small distances at
                  | will. [Xom's grace]
 50127 | Crypt:3  | Gained mutation: Your mind is acute. (Int +2) [Xom's grace]
 50329 | Crypt:3  | XOM: scenery: create altars
 50346 | Crypt:3  | XOM: cast spell 'Summon Mana Viper'
 50358 | Crypt:3  | XOM: cast spell 'Disjunction'
 50463 | Crypt:3  | XOM: summons friendly shadow imp
 50470 | Crypt:3  | Reached XP level 25. HP: 245/245 MP: 34/34
 50491 | Crypt:3  | XOM: enchant monster (bad)
 50505 | Crypt:3  | XOM: cast spell 'Necromutation'
 50511 | Crypt:3  | XOM: cast spell 'Summon Horrible Things'
 50545 | Crypt:3  | XOM: potion effect (haste)
 50580 | Crypt:3  | Found a basalt altar of Yredelemnul.
 50582 | Crypt:3  | Found an ancient bone altar of Kikubaaqudgha.
 50603 | Crypt:3  | Identified the Grimoire of Unholy Rituals
 50686 | Crypt:3  | XOM: swap monsters
 50801 | Crypt:3  | XOM: noise
 50865 | Crypt:3  | Found a staircase to the Tomb.
 51052 | Crypt:3  | Found the +3 hat of Pondering {ponderous, MR+ MP+10 Int+5}
 51336 | Vaults:5 | Entered Level 5 of the Vaults
 51395 | Vaults:5 | XOM: cleaving
 51397 | Vaults:5 | XOM: confuse monster(s)
 51417 | Vaults:5 | Noticed an ancient lich
 51427 | Vaults:5 | Killed an ancient lich
 51476 | Vaults:5 | Noticed an ancient lich
 51477 | Vaults:5 | XOM: divination: detect items
 51480 | Vaults:5 | XOM: divination: magic mapping
 51486 | Vaults:5 | XOM: silly message
 51490 | Vaults:5 | XOM: divination: magic mapping
 51492 | Vaults:5 | Killed an ancient lich
 51529 | Vaults:5 | Identified the +5 long sword "Agelaed" {flame, rPois rC+
                  | Str+6 Stlth-}
 51559 | Vaults:5 | Noticed an ancient lich
 51560 | Vaults:5 | Found Muruyscha's Magic Scroll Shoppe.
 51563 | Vaults:5 | XOM: potion effect (might)
 51573 | Vaults:5 | XOM: potion effect (agility)
 51574 | Vaults:5 | Killed an ancient lich
 51574 | Vaults:5 | Reached skill level 27 in Axes
 51587 | Vaults:5 | XOM: potion effect (magic)
 51603 | Vaults:5 | Identified the cursed +1 leather armour "Garac" {rN++}
 51618 | Vaults:5 | Bought a scroll of summoning for 190 gold pieces
 51618 | Vaults:5 | Bought a scroll of teleportation for 60 gold pieces
 51740 | Vaults:5 | XOM: harmless Conj miscast
 51780 | Vaults:5 | XOM: confusion (+ monsters)
 51785 | Vaults:5 | Noticed an ancient lich
 51804 | Vaults:5 | Killed an ancient lich
 51906 | Vaults:5 | XOM: polymorph vault guard -> satyr
 51993 | Vaults:5 | XOM: confusion
 52008 | Vaults:5 | XOM: medium Tloc miscast
 52008 | Vaults:5 | Cast into level 5 of the Abyss (the capriciousness of Xom)
 52008 | Abyss:5  | Entered Level 5 of the Abyss
 52008 | Abyss:5  | Entered Level 5 of the Abyss
 52011 | Abyss:5  | XOM: enchant monster (bad)
 52017 | Abyss:5  | XOM: medium Chrm miscast
 52030 | Abyss:5  | XOM: blink monster(s)
 52038 | Abyss:5  | Found a corrupted altar of Lugonu.
 52045 | Abyss:5  | Got an abyssal rune of Zot
 52045 | Abyss:5  | XOM: chaos cloud
 52048 | Abyss:5  | XOM: swap monsters
 52219 | Abyss:5  | XOM: stat loss: -1 Int (7/8)
 52222 | Abyss:5  | XOM: confusion
 52223 | Abyss:5  | XOM: fake destruction
 52225 | Abyss:5  | XOM: confusion
 52232 | Abyss:5  | XOM: polymorph golden eye -> ice beast
 52240 | Vaults:5 | Escaped the Abyss
 52286 | Vaults:5 | XOM: confusion
 52293 | Vaults:5 | Reached XP level 26. HP: 116/256 MP: 34/34
 52492 | Vaults:5 | XOM: 1-stop teleportation journey
 52513 | Vaults:5 | XOM: summons 2 hostile demons
 52530 | Vaults:5 | XOM: summons 7 friendly demons
 52538 | Vaults:5 | XOM: cast spell 'Summon Butterflies'
 52569 | Vaults:5 | XOM: destruction
 52574 | Vaults:5 | XOM: enchant monster (good)
 52589 | Vaults:5 | XOM: confuse monster(s)
 52605 | Vaults:5 | XOM: scenery: create altars
 52747 | Vaults:5 | XOM: summons 8 friendly demons
 52749 | Vaults:5 | XOM: chaos cloud
 52884 | Vaults:5 | XOM: noise
 53006 | Vaults:5 | XOM: summons 9 friendly demons
 53135 | Vaults:5 | XOM: god gift: 49 gold pieces
 53156 | Vaults:5 | Identified the Catalogue of Spatial Transformation
 53215 | Vaults:5 | Got a silver rune of Zot
 53336 | Vaults:5 | Identified the +1 cloak "Memass" {rC+} (You found it on
                  | level 5 of the Vaults)
 53589 | Vaults:5 | XOM: cloud trail
 53763 | Vaults:2 | XOM: give mutations
 53763 | Vaults:2 | Gained mutation: You are resistant to hostile enchantments.
                  | (MR+) [Xom's grace]
 53763 | Vaults:2 | Gained mutation: Your mind is very acute. (Int +4) [Xom's
                  | grace]
 54084 | Elf:3    | XOM: potion effect (might)
 54090 | Elf:3    | XOM: scenery: create altars
 54150 | Elf:3    | XOM: polymorph deep elf archer -> glowing orange brain
 54153 | Elf:3    | XOM: fake destruction
 54154 | Elf:3    | XOM: potion effect (heal wounds)
 54276 | Elf:3    | Found the -2 hat of the Alchemist {rElec rPois rF+ rC+ rN+
                  | MR+ rMut rCorr}
 54480 | Elf:3    | XOM: potion effect (invisibility)
 54491 | Elf:3    | XOM: potion effect (invisibility)
 54497 | Elf:3    | XOM: chaos cloud
 54509 | Elf:3    | XOM: blink monster(s)
 54513 | Elf:3    | XOM: enchant monster (bad)
 54517 | Elf:3    | XOM: summons 9 hostile demons
 54637 | Elf:3    | Identified the +0 pair of gloves of the Dwarven Hall
                  | {Dex+3} (You acquired it on level 3 of the Elven Halls)
 54654 | Elf:3    | Identified the ring "Qafulakh" {EV+4 Int+4 Stlth+} (You
                  | found it on level 3 of the Elven Halls)
 54731 | Elf:3    | XOM: potion effect (haste)
 54758 | Elf:3    | Identified the +5 war axe of Glory {flame, rF++ Int-4} (You
                  | found it on level 3 of the Elven Halls)
 54763 | Elf:3    | XOM: harmless Fire miscast
 54764 | Elf:3    | Identified the cursed +1 plate armour of the Heron {rPois
                  | Int+4} (You found it on level 3 of the Elven Halls)
 54776 | Elf:3    | XOM: god gift: scroll of acquirement
 54780 | Elf:3    | Identified the ring of Simm {+Fly Str+5} (You acquired it
                  | on level 3 of the Elven Halls)
 54797 | Elf:3    | XOM: god gift: morningstar {god gift}
 54835 | Elf:3    | XOM: cloud trail
 54876 | Elf:3    | XOM: noise
 55133 | Slime:1  | Entered Level 1 of the Pits of Slime
 55398 | Slime:3  | XOM: summons friendly white imp
 55410 | Slime:3  | XOM: summons 13 hostile demons
 55432 | Slime:3  | XOM: chaos cloud
 55455 | Slime:3  | Reached XP level 27. HP: 265/268 MP: 18/35
 55560 | Slime:5  | Entered Level 5 of the Pits of Slime
 55691 | Slime:4  | XOM: summons 1 hostile shadow creature
 55734 | Slime:5  | XOM: summons 2 hostile demons
 55844 | Slime:5  | XOM: enchant monster (bad)
 55897 | Slime:5  | Found a viscous altar of Jiyva.
 55897 | Slime:5  | Noticed the Royal Jelly
 55914 | Slime:5  | XOM: confuse monster(s)
 55920 | Slime:5  | XOM: cleaving
 55922 | Slime:5  | Killed the Royal Jelly
 55923 | Slime:5  | XOM: cleaving
 55956 | Slime:5  | Identified the Volume of the Compass and Ignition
 55959 | Slime:5  | Got a slimy rune of Zot
 55962 | Slime:5  | XOM: give mutations
 55962 | Slime:5  | Gained mutation: You are somewhat resistant to both further
                  | mutation and mutation removal. [Xom's grace]
 55962 | Slime:5  | Gained mutation: You are robust. (+10% HP) [Xom's grace]
 55962 | Slime:5  | Gained mutation: You expend magic power (3 MP) to
                  | strengthen your wands. [Xom's grace]
 55962 | Slime:5  | Gained mutation: You have sharp fingernails. [Xom's grace]
 56019 | Slime:5  | Identified the Tome of Frigorific Self-Improvement
 56086 | Slime:5  | Identified the cursed +1 crystal plate armour "Fozuitt"
                  | {rF+} (You found it on level 5 of the Pits of Slime)
 56574 | Hell     | Entered the Vestibule of Hell
 56574 | Hell     | Noticed Geryon
 56597 | Hell     | XOM: destruction
 56617 | Hell     | Killed Geryon
 56728 | Hell     | Reached skill level 27 in Shields
 56737 | Hell     | XOM: summons 16 friendly demons
 56756 | Hell     | XOM: confuse monster(s)
 56761 | Hell     | XOM: divine lightning
 56765 | Hell     | XOM: confuse monster(s)
 56790 | Hell     | Reached skill level 15 in Armour
 56795 | Hell     | XOM: destruction
 56796 | Hell     | XOM: summons friendly white imp
 56815 | Hell     | XOM: cleaving
 56827 | Hell     | XOM: mild Chrm miscast
 56847 | Hell     | XOM: harmless Tloc miscast
 57052 | Hell     | Found a gateway to the decaying netherworld of Tartarus.
 57088 | Hell     | XOM: mild Ice miscast
 57109 | Hell     | Found a gateway to the freezing wastes of Cocytus.
 57211 | Hell     | Found a gateway to the Iron City of Dis.
 57284 | Hell     | Found a gateway to the ashen valley of Gehenna.
 57368 | Coc:1    | Entered Level 1 of Cocytus
 57370 | Coc:1    | XOM: enchant monster (bad)
 57477 | Coc:1    | XOM: cast spell 'Discord'
 57500 | Coc:1    | XOM: noise
 57522 | Coc:1    | XOM: confuse monster(s)
 57627 | Coc:1    | Reached skill level 27 in Fighting
 57648 | Coc:1    | XOM: god gift: glowing large shield {god gift}
 57649 | Coc:1    | XOM: destruction
 57778 | Coc:1    | XOM: cast spell 'Monstrous Menagerie'
 57892 | Coc:2    | XOM: confuse monster(s)
 58081 | Coc:3    | XOM: noise
 58131 | Coc:3    | XOM: enchant monster (good)
 58206 | Coc:4    | XOM: destruction
 58218 | Coc:4    | XOM: fog
 58518 | Coc:6    | XOM: summons friendly iron imp
 58571 | Coc:6    | XOM: scenery: create altars
 58610 | Coc:6    | XOM: god gift: 19 gold pieces
 58646 | Coc:6    | XOM: cleaving
 58671 | Coc:6    | XOM: give mutations
 58671 | Coc:6    | Lost mutation: Your system is resistant to poisons. (rPois)
                  | [Xom's mischief]
 58671 | Coc:6    | Lost mutation: Your mind is very acute. (Int +4) [Xom's
                  | mischief]
 58671 | Coc:6    | Lost mutation: You have sharp toenails. [Xom's mischief]
 58675 | Coc:6    | XOM: give mutations
 58675 | Coc:6    | Lost mutation: You are very clumsy. (Dex -4) [Xom's grace]
 58675 | Coc:6    | Lost mutation: You are clumsy. (Dex -2) [Xom's grace]
 58675 | Coc:6    | Gained mutation: You are agile. (Dex +2) [Xom's grace]
 58675 | Coc:6    | Gained mutation: You have sharp toenails. [Xom's grace]
 58692 | Coc:6    | XOM: medium Tloc miscast
 58707 | Coc:6    | XOM: give mutations
 58707 | Coc:6    | Gained mutation: You have an increased reservoir of magic.
                  | (+10% MP) [Xom's grace]
 58707 | Coc:6    | Gained mutation: Your flesh is heat resistant. (rF+) [Xom's
                  | grace]
 58707 | Coc:6    | Gained mutation: You are covered in fur. (AC +1) [Xom's
                  | grace]
 58783 | Coc:7    | Entered Level 7 of Cocytus
 58784 | Coc:7    | XOM: polymorph ice devil -> rust devil
 58786 | Coc:7    | XOM: cleaving
 58922 | Coc:7    | XOM: summons 11 friendly demons
 58925 | Coc:7    | XOM: confusion (+ monsters)
 59235 | Coc:7    | XOM: medium Pois miscast
 59263 | Coc:7    | XOM: enchant monster (bad)
 59301 | Coc:7    | XOM: 5-stop teleportation journey
 59310 | Coc:7    | XOM: summons 2 friendly demons
 59320 | Coc:7    | XOM: fog
 59434 | Coc:7    | XOM: enchant monster (good)
 59439 | Coc:7    | XOM: cast spell 'Summon Butterflies'
 59655 | Coc:7    | XOM: summons 2 friendly demons
 59679 | Coc:7    | XOM: enchant monster (good)
 59707 | Coc:7    | XOM: harmless Tloc miscast
 59812 | Coc:7    | XOM: cleaving
 59873 | Coc:7    | XOM: 1-stop teleportation journey
 59967 | Coc:7    | XOM: noise
 59973 | Coc:7    | XOM: medium Erth miscast
 60142 | Coc:7    | XOM: mild Tmut miscast
 60236 | Coc:7    | XOM: enchant monster (bad)
 60286 | Coc:7    | XOM: divination: magic mapping
 60611 | Coc:7    | XOM: god gift: wand of flame (21)
 60649 | Coc:7    | Noticed Antaeus
 60686 | Coc:7    | XOM: divine lightning
 60700 | Coc:7    | XOM: destruction
 60701 | Coc:7    | XOM: summons 3 hostile shadow creatures
 60702 | Coc:7    | Killed Antaeus
 60705 | Coc:7    | XOM: confusion (+ monsters)
 60779 | Coc:7    | XOM: summons 13 hostile demons
 60790 | Coc:7    | XOM: give mutations
 60790 | Coc:7    | Lost mutation: Your natural rate of healing is unusually
                  | fast. [Xom's mischief]
 60790 | Coc:7    | Lost mutation: You are agile. (Dex +2) [Xom's mischief]
 60790 | Coc:7    | Lost mutation: You are resistant to hostile enchantments.
                  | (MR+) [Xom's mischief]
 60791 | Coc:7    | XOM: polymorph Ice Fiend -> Brimstone Fiend
 60808 | Coc:7    | XOM: enchant monster (good)
 60852 | Coc:7    | XOM: swap monsters
 61017 | Coc:7    | XOM: harmless Chrm miscast
 61055 | Coc:7    | Identified the ring of Cocrizomm {rN+ Str+3}
 61063 | Coc:7    | Got an icy rune of Zot
 61233 | Coc:7    | XOM: noise
 61438 | Geh:1    | Entered Level 1 of Gehenna
 61439 | Geh:1    | XOM: summons 2 friendly demons
 61598 | Geh:1    | XOM: noise
 61625 | Geh:1    | XOM: noise
 61676 | Geh:1    | XOM: harmless Chrm miscast
 61740 | Geh:1    | XOM: noise
 61838 | Geh:1    | XOM: potion effect (might)
 61890 | Geh:1    | XOM: divination: detect items
 62075 | Geh:1    | XOM: harmless Erth miscast
 62103 | Geh:2    | XOM: noise
 62109 | Geh:2    | XOM: cast spell 'Summon Mana Viper'
 62136 | Geh:2    | XOM: cast spell 'Summon Ice Beast'
 62169 | Geh:2    | XOM: silly message
 62193 | Geh:2    | XOM: summons 4 friendly demons
 62482 | Geh:2    | XOM: destruction
 62562 | Geh:2    | XOM: mild Air miscast
 62672 | Geh:3    | XOM: confusion (+ monsters)
 62786 | Geh:3    | XOM: silly message
 62787 | Geh:3    | XOM: noise
 63242 | Hell     | XOM: summons 1 hostile demon
 63723 | Geh:4    | XOM: smoke on damage
 63728 | Geh:4    | XOM: polymorph hell knight -> wolf spider
 63756 | Geh:4    | XOM: fog
 63763 | Geh:4    | XOM: mild Conj miscast
 63792 | Geh:4    | XOM: chaos upgrade
 63800 | Geh:4    | XOM: give mutation
 63800 | Geh:4    | Lost mutation: You are somewhat resistant to both further
                  | mutation and mutation removal. [Xom's mischief]
 63821 | Geh:4    | XOM: noise
 63823 | Geh:4    | XOM: enchant monster (good)
 63837 | Geh:4    | XOM: polymorph necromancer -> mana viper
 63856 | Geh:4    | XOM: confuse monster(s)
 63857 | Geh:4    | XOM: cast spell 'Chain of Chaos'
 63860 | Geh:4    | XOM: confuse monster(s)
 64044 | Geh:4    | XOM: enchant monster (bad)
 64109 | Geh:4    | XOM: divination: detect items
 64182 | Geh:4    | XOM: summons friendly iron imp
 64217 | Geh:4    | XOM: medium Air miscast
 64375 | Geh:4    | XOM: confusion (+ monsters)
 64664 | Geh:5    | XOM: cleaving
 64759 | Geh:5    | XOM: confuse monster(s)
 64960 | Geh:5    | XOM: torment (123/298 hp)
 65733 | Geh:5    | XOM: blink monster(s)
 65741 | Geh:7    | Entered Level 7 of Gehenna
 65777 | Geh:7    | XOM: repel stairs
 65852 | Geh:7    | XOM: swap monsters
 65950 | Geh:7    | XOM: polymorph balrug -> lorocyproca
 66251 | Geh:7    | XOM: medium Erth miscast
 66253 | Geh:7    | XOM: summons 1 hostile demon
 66385 | Geh:7    | XOM: mild Conj miscast
 66524 | Geh:7    | Reached skill level 27 in Armour
 66598 | Geh:7    | Reached skill level 1 in Spellcasting
 66653 | Geh:7    | XOM: confusion
 66896 | Geh:7    | XOM: confusion
 67107 | Geh:7    | XOM: summons 1 hostile demon
 67190 | Geh:7    | XOM: scenery: 1 doors open
 67460 | Geh:7    | XOM: god gift: fine scale mail {god gift}
 67461 | Geh:7    | Identified the +4 scale mail of Fun and Games {Str+2 Slay+3
                  | Stlth+} (Xom gifted it to you on level 7 of Gehenna)
 67759 | Geh:7    | XOM: god gift: wand of clouds (7)
 67773 | Geh:7    | XOM: cast spell 'Summon Mana Viper'
 68101 | Geh:7    | XOM: god gift: robe {god gift}
 68102 | Geh:7    | XOM: fog
 68169 | Geh:7    | XOM: cast spell 'Disjunction'
 68286 | Geh:7    | XOM: cloud trail
 68331 | Geh:7    | XOM: harmless Erth miscast
 68347 | Geh:7    | Identified the +7 sceptre of Asmodeus
 68347 | Geh:7    | Noticed Asmodeus
 68406 | Geh:7    | XOM: confuse monster(s)
 68698 | Geh:7    | XOM: give mutations
 68698 | Geh:7    | Lost mutation: You are robust. (+10% HP) [Xom's mischief]
 68698 | Geh:7    | Lost mutation: You have sharp toenails. [Xom's mischief]
 68698 | Geh:7    | Lost mutation: Your flesh is heat resistant. (rF+) [Xom's
                  | mischief]
 68698 | Geh:7    | Lost mutation: You are surrounded by a mild repulsion
                  | field. (EV +2) [Xom's mischief]
 68740 | Geh:7    | XOM: give mutations
 68740 | Geh:7    | Gained mutation: You have large cloven feet. [Xom's grace]
 68740 | Geh:7    | Gained mutation: You are resistant to hostile enchantments.
                  | (MR+) [Xom's grace]
 68740 | Geh:7    | Gained mutation: You possess an exceptional clarity of
                  | mind. [Xom's grace]
 68790 | Geh:7    | XOM: summons friendly iron imp
 68819 | Geh:7    | Killed Asmodeus
 68819 | Geh:7    | Reached skill level 5 in Spellcasting
 68869 | Geh:7    | XOM: cleaving
 68907 | Geh:7    | Identified the +0 pair of boots "Kacaxt" {rCorr Str-5
                  | Int+5} (You found it on level 7 of Gehenna)
 68908 | Geh:7    | XOM: blink monster(s)
 68934 | Geh:7    | XOM: mild Pois miscast
 68999 | Geh:7    | Got an obsidian rune of Zot
 69093 | Geh:7    | XOM: cast spell 'Monstrous Menagerie'
 69816 | Orc:2    | Bought a book of Battle for 600 gold pieces
 69820 | Orc:2    | Learned a level 3 spell: Regeneration
 69849 | Orc:2    | XOM: god gift: 7 stones
 69883 | Orc:1    | XOM: give mutations
 69883 | Orc:1    | Gained mutation: You are robust. (+10% HP) [Xom's grace]
 69883 | Orc:1    | Gained mutation: Your mind is very acute. (Int +4) [Xom's
                  | grace]
 69883 | Orc:1    | Gained mutation: You have a somewhat thin skeletal
                  | structure. (Dex +2, Stealth) [Xom's grace]
 69883 | Orc:1    | Lost mutation: You are somewhat resistant to further
                  | mutation. [Xom's grace]
 69883 | Orc:1    | Gained mutation: You evolve. [Xom's grace]
 70093 | Depths:1 | XOM: harmless Pois miscast
 70164 | Dis:1    | Entered Level 1 of the Iron City of Dis
 70193 | Dis:1    | XOM: swap monsters
 70239 | Dis:1    | Reached skill level 1 in Charms
 70240 | Dis:1    | XOM: swap monsters
 70250 | Dis:1    | Reached skill level 1 in Necromancy
 70278 | Dis:1    | XOM: give mutation
 70278 | Dis:1    | Lost mutation: You have a pair of large horns on your head.
                  | [Xom's mischief]
 70345 | Dis:2    | XOM: fog
 70361 | Dis:2    | XOM: stat loss: -1 Int (13/14)
 70362 | Dis:2    | XOM: blink monster(s)
 70386 | Dis:2    | XOM: torment (102/300 hp)
 71099 | Dis:3    | XOM: silly message
 71158 | Dis:3    | XOM: summons 13 hostile demons
 71354 | Dis:3    | XOM: cleaving
 72047 | D:13     | XOM: cloud trail
 72053 | D:13     | XOM: give mutation
 72053 | D:13     | Gained mutation: Your spells are a little harder to cast,
                  | but a little more powerful. [Xom's grace]
 72560 | Dis:2    | XOM: summons friendly iron imp
 72672 | Dis:3    | XOM: polymorph tormentor -> hellion
 72674 | Dis:3    | XOM: potion effect (brilliance)
 72683 | Dis:3    | XOM: cloud trail
 72744 | Dis:3    | XOM: silly message
 72771 | Dis:4    | XOM: confuse monster(s)
 72865 | Dis:4    | XOM: mild Ice miscast
 72931 | Dis:4    | XOM: silly message
 73037 | Dis:5    | XOM: divination: magic mapping
 73038 | Dis:5    | XOM: potion effect (agility)
 73045 | Dis:6    | XOM: cast spell 'Summon Small Mammal'
 73124 | Dis:6    | XOM: potion effect (berserk rage)
 73127 | Dis:6    | XOM: potion effect (curing)
 73226 | Dis:6    | XOM: harmless Chrm miscast
 73263 | Dis:6    | XOM: 1-stop teleportation journey
 73311 | Dis:6    | Reached skill level 5 in Charms
 73323 | Dis:6    | Reached skill level 5 in Necromancy
 73609 | Dis:6    | Lost mutation: You have supernaturally acute eyesight.
                  | (SInv) [a cacodemon]
 73632 | Dis:7    | Entered Level 7 of the Iron City of Dis
 73680 | Dis:7    | XOM: swap monsters
 73734 | Dis:7    | XOM: harmless Air miscast
 73737 | Dis:7    | XOM: confuse monster(s)
 73741 | Dis:7    | XOM: harmless Tmut miscast
 73781 | Dis:7    | XOM: scenery: 2 doors open, 2 doors close
 73816 | Dis:7    | XOM: cloud trail
 73817 | Dis:7    | XOM: scenery: 1 doors open
 73913 | Dis:7    | XOM: god gift: chain mail {god gift}
 73988 | Dis:7    | XOM: destruction
 74021 | Dis:7    | Got a slimy lead ring
 74022 | Dis:7    | Identified the ring "Lenaxem" {rPois rF+ rC- Str+2 Dex+3}
                  | (You found it on level 7 of the Iron City of Dis)
 74043 | Dis:7    | XOM: scenery: create altars
 74072 | Dis:7    | XOM: scenery: 1 doors open, 1 doors close
 74133 | Dis:7    | XOM: enchant monster (bad)
 74175 | Dis:7    | XOM: chaos upgrade
 74425 | Dis:7    | XOM: scenery: 3 doors open
 74428 | Dis:7    | XOM: swap monsters
 74595 | Dis:7    | XOM: harmless Tloc miscast
 74907 | Dis:7    | XOM: blink monster(s)
 74909 | Dis:7    | XOM: swap monsters
 74955 | Dis:7    | XOM: potion effect (brilliance)
 75010 | Dis:7    | XOM: confuse monster(s)
 75095 | Dis:7    | XOM: enchant monster (good)
 75134 | Dis:7    | Reached skill level 10 in Spellcasting
 75134 | Dis:7    | XOM: enchant monster (good)
 75143 | Dis:7    | XOM: enchant monster (bad)
 75271 | Dis:7    | Gained mutation: Your body sometimes deteriorates upon
                  | taking damage. [mutagenic glow]
 75351 | Dis:7    | XOM: confuse monster(s)
 75378 | Dis:7    | XOM: scenery: 2 doors open
 75556 | Dis:7    | Identified the +4 staff of Dispater
 75556 | Dis:7    | Noticed Dispater
 75570 | Dis:7    | XOM: polymorph Dispater -> Dispater
 75581 | Dis:7    | XOM: fog
 75598 | Dis:7    | Killed Dispater
 75640 | Dis:7    | Found the +8 trident of the Octopus King {venom, rElec
                  | rPois MR+}
 75647 | Dis:7    | Got an iron rune of Zot
 76005 | Hell     | Upgraded the game from 0.24-a0-443-g80245de385 to
                  | 0.24-a0-445-gd5110b030a
 76117 | Zig:1    | Entered Level 1 of a ziggurat
 76139 | Zig:2    | Entered Level 2 of a ziggurat
 76139 | Zig:2    | XOM: noise
 76143 | Zig:2    | XOM: give mutations
 76143 | Zig:2    | Lost mutation: Your mind is very acute. (Int +4) [Xom's
                  | mischief]
 76143 | Zig:2    | Lost mutation: You expend magic power (3 MP) to strengthen
                  | your wands. [Xom's mischief]
 76143 | Zig:2    | Lost mutation: You have large cloven feet. [Xom's mischief]
 76143 | Zig:2    | Lost mutation: You are resistant to hostile enchantments.
                  | (MR+) [Xom's mischief]
 76159 | Zig:3    | Entered Level 3 of a ziggurat
 76159 | Zig:3    | Noticed Mimeba the pandemonium lord
 76159 | Zig:3    | XOM: cast spell 'Summon Butterflies'
 76173 | Zig:3    | XOM: potion effect (might)
 76174 | Zig:3    | XOM: potion effect (curing)
 76178 | Zig:3    | Killed Mimeba the pandemonium lord
 76345 | Zig:4    | Entered Level 4 of a ziggurat
 76348 | Zig:4    | XOM: potion effect (haste)
 76395 | Zig:4    | Identified the Compendium of Frigorific Attacks
 76405 | Zig:5    | XOM: stealth player
 76405 | Zig:5    | Entered Level 5 of a ziggurat
 76410 | Zig:5    | XOM: harmless Conj miscast
 76419 | Zig:5    | XOM: swap monsters
 76439 | Zig:6    | Entered Level 6 of a ziggurat
 76444 | Zig:6    | XOM: divination: magic mapping
 76445 | Zig:6    | XOM: medium Conj miscast
 76446 | Zig:6    | Found the +6 lightning scales {run, rElec}
 76450 | Zig:6    | XOM: blink monster(s)
 76510 | Zig:7    | Entered Level 7 of a ziggurat
 76529 | Zig:7    | XOM: noise
 76584 | Zig:8    | Entered Level 8 of a ziggurat
 76631 | Zig:8    | Identified the Guide on Bewitching Toxins
 76651 | Zig:8    | Identified the -2 hat of Wasted Space {rC+ rN+} (You
                  | acquired it on level 8 of a ziggurat)
 76808 | Zig:9    | Entered Level 9 of a ziggurat
 77000 | Zig:9    | Identified the ring of Patience {MR+ Stlth-} (You found it
                  | on level 9 of a ziggurat)
 77025 | Zig:10   | Entered Level 10 of a ziggurat
 77035 | Zig:10   | Noticed a greater mummy
 77036 | Zig:10   | Noticed a greater mummy
 77038 | Zig:10   | Noticed a greater mummy
 77046 | Zig:10   | XOM: divination: detect items
 77049 | Zig:10   | Killed a greater mummy
 77052 | Zig:10   | XOM: potion effect (might)
 77054 | Zig:10   | XOM: scenery: create altars
 77057 | Zig:10   | Killed a greater mummy
 77057 | Zig:10   | Reached skill level 10 in Necromancy
 77061 | Zig:10   | Killed a greater mummy
 77270 | Zig:11   | Entered Level 11 of a ziggurat
 77278 | Zig:11   | XOM: scenery: create altars
 77293 | Zig:11   | XOM: enchant monster (good)
 77308 | Zig:11   | XOM: 5-stop teleportation journey
 77324 | Zig:11   | XOM: enchant monster (good)
 77385 | Zig:12   | Entered Level 12 of a ziggurat
 77448 | Zig:12   | XOM: scenery: create altars
 77485 | Zig:12   | Identified the cursed +0 broad axe of Okawaru's Scorn
                  | {venom, rN+ Stlth+} (You found it on level 12 of a
                  | ziggurat)
 77614 | Hell     | XOM: summons 13 hostile demons
 77629 | Tar:1    | Entered Level 1 of Tartarus
 77700 | Tar:3    | XOM: destruction
 77750 | Tar:3    | XOM: scenery: 1 doors open
 77815 | Tar:4    | Lost mutation: You are robust. (+10% HP) [mutagenic glow]
 77851 | Tar:4    | XOM: fog
 77984 | Tar:5    | Reached skill level 10 in Charms
 78055 | Tar:5    | XOM: chaos upgrade
 78061 | Tar:5    | XOM: mild Hex miscast
 78065 | Tar:5    | XOM: harmless Conj miscast
 78154 | Tar:6    | XOM: enchant monster (good)
 78162 | Tar:6    | XOM: mild Erth miscast
 78426 | Tar:6    | XOM: mild Fire miscast
 78560 | Tar:7    | Entered Level 7 of Tartarus
 78562 | Tar:7    | XOM: enchant monster (bad)
 78563 | Tar:7    | XOM: divination: magic mapping
 78624 | Tar:7    | XOM: scenery: create altars
 78663 | Tar:7    | XOM: summons 3 friendly demons
 78800 | Tar:7    | XOM: give mutations
 78800 | Tar:7    | Gained mutation: You have sharp toenails. [Xom's grace]
 78800 | Tar:7    | Gained mutation: You rapidly evolve. [Xom's grace]
 78822 | Tar:7    | XOM: mild Conj miscast
 78847 | Tar:7    | XOM: polymorph soul eater -> soul eater
 78915 | Tar:7    | XOM: scenery: create altars
 78994 | Tar:7    | Learned a level 8 spell: Necromutation
 79045 | Tar:7    | Reached skill level 1 in Transmutations
 79098 | Tar:7    | XOM: 1-stop teleportation journey
 79113 | Tar:7    | Reached skill level 1 in Long Blades
 79164 | Tar:7    | XOM: fog
 79192 | Tar:7    | XOM: smoke on damage
 79220 | Tar:7    | XOM: enchant monster (good)
 79234 | Tar:7    | XOM: cast spell 'Discord'
 79235 | Tar:7    | XOM: polymorph shadow dragon -> sphinx
 79275 | Tar:7    | Reached skill level 5 in Transmutations
 79314 | Tar:7    | XOM: smoke on damage
 79328 | Tar:7    | XOM: polymorph shadow dragon -> fire giant
 79426 | Tar:7    | XOM: polymorph shadow dragon -> frost giant
 79440 | Tar:7    | XOM: summons friendly shadow imp
 79490 | Tar:7    | XOM: summons 8 friendly demons
 79523 | Tar:7    | Identified the amulet "Eruusil" {Spirit Dex+4} (You found
                  | it on level 7 of Tartarus)
 79527 | Tar:7    | Lost mutation: You rapidly evolve. [decline of evolution]
 79564 | Tar:7    | XOM: polymorph shadow imp -> quasit
 79596 | Tar:7    | Reached skill level 15 in Dodging
 79598 | Tar:7    | XOM: cleaving
 79623 | Tar:7    | XOM: 1-stop teleportation journey
 79623 | Tar:7    | Noticed Ereshkigal
 79624 | Tar:7    | XOM: fog
 79633 | Tar:7    | XOM: divination: detect creatures
 79637 | Tar:7    | XOM: enchant monster (good)
 79642 | Tar:7    | XOM: potion effect (might)
 79648 | Tar:7    | XOM: cleaving
 79754 | Tar:7    | Noticed the Serpent of Hell
 79766 | Tar:7    | XOM: divination: detect items
 79768 | Tar:7    | XOM: enchant monster (good)
 79773 | Tar:7    | Killed the Serpent of Hell
 79775 | Tar:7    | XOM: cast spell 'Statue Form'
 80085 | Tar:7    | XOM: blink monster(s)
 80159 | Tar:7    | XOM: summons friendly shadow imp
 80195 | Tar:7    | XOM: scenery: 4 doors close
 80229 | Tar:7    | XOM: destruction
 80238 | Tar:7    | Found the +10 zealot's sword {holy, *Rage rN+ EV+3}
 80372 | Tar:7    | XOM: 7-stop teleportation journey
 80476 | Tar:7    | XOM: enchant monster (good)
 80491 | Tar:7    | XOM: divination: magic mapping
 80575 | Tar:7    | XOM: confuse monster(s)
 80638 | Tar:7    | Killed Ereshkigal
 80729 | Tar:7    | XOM: cast spell 'Summon Small Mammal'
 80741 | Tar:7    | Gained mutation: Your body often deteriorates upon taking
                  | damage. [mutagenic glow]
 80749 | Tar:7    | Identified the Handbook of the Voyage and Transmigration
 80755 | Tar:7    | XOM: divination: detect items
 80873 | Tar:7    | XOM: divination: detect items
 80993 | Tar:7    | Identified the Catalogue of Ice and Calling
 80996 | Tar:7    | Got a scorched bronze ring
 80997 | Tar:7    | Identified the ring of Doubt {MR+ Int+2 Stlth+} (You found
                  | it on level 7 of Tartarus)
 81016 | Tar:7    | XOM: harmless Ice miscast
 81201 | Tar:7    | Got a bone rune of Zot
 81403 | Pan      | Entered Pandemonium
 81431 | Pan      | XOM: cast spell 'Dispersal'
 81439 | Pan      | XOM: medium Ice miscast
 81451 | Pan      | XOM: chaos upgrade
 81452 | Pan      | XOM: summons 3 friendly demons
 81459 | Pan      | XOM: enchant monster (good)
 81475 | Pan      | Lost mutation: Your mind is acute. (Int +2) [a cacodemon]
 81479 | Pan      | XOM: summons friendly ufetubus
 81487 | Pan      | XOM: polymorph torturous warmonger -> minotaur
 81698 | Pan      | XOM: god gift: ration
 81920 | Pan      | Reached skill level 10 in Transmutations
 81952 | Pan      | XOM: harmless Air miscast
 82119 | Pan      | Reached skill level 15 in Necromancy
 82240 | Pan      | XOM: god gift: 30 gold pieces
 82247 | Pan      | Noticed Nihat the pandemonium lord
 82264 | Pan      | Killed Nihat the pandemonium lord
 82272 | Pan      | Got a demonic rune of Zot
 82513 | Depths:3 | Escaped Pandemonium
 82562 | Depths:5 | XOM: divination: detect items
 82573 | Zot:1    | Entered Level 1 of the Realm of Zot
 82902 | Zot:1    | Found the ring of the Mage {Wiz MR++ Int+3}
 82911 | Zot:1    | XOM: enchant monster (good)
 82927 | Zot:1    | XOM: noise
 83125 | Zot:1    | XOM: harmless Fire miscast
 83126 | Zot:1    | XOM: silly message
 83269 | Zot:1    | XOM: cast spell 'Summon Ice Beast'
 83286 | Zot:1    | XOM: give mutation
 83286 | Zot:1    | Lost mutation: Your muscles are very strong. (Str +4)
                  | [Xom's mischief]
 83293 | Zot:1    | XOM: give mutations
 83293 | Zot:1    | Lost mutation: Your body often deteriorates upon taking
                  | damage. [Xom's mischief]
 83293 | Zot:1    | Lost mutation: You have sharp toenails. [Xom's mischief]
 83294 | Zot:1    | XOM: mild Tmut miscast
 83600 | Zot:2    | XOM: give mutations
 83600 | Zot:2    | Lost mutation: You occasionally shout uncontrollably at
                  | your foes. [Xom's mischief]
 83600 | Zot:2    | Lost mutation: Your body sometimes deteriorates upon taking
                  | damage. [Xom's mischief]
 83704 | Zot:2    | XOM: stat loss: -1 Str (33/34)
 83774 | Zot:2    | XOM: destruction
 83782 | Zot:2    | Noticed an orb of fire
 83794 | Zot:2    | Killed an orb of fire
 83826 | Zot:2    | XOM: give mutations
 83826 | Zot:2    | Lost mutation: Your muscles are strong. (Str +2) [Xom's
                  | mischief]
 83826 | Zot:2    | Gained mutation: Armour fits poorly on your strangely
                  | shaped body. [Xom's mischief]
 83826 | Zot:2    | Lost mutation: You are partially covered in molten scales.
                  | (AC +2) [Xom's mischief]
 83894 | Zot:2    | XOM: give mutation
 83894 | Zot:2    | Lost mutation: Your spells are a little harder to cast, but
                  | a little more powerful. [Xom's mischief]
 84166 | Zot:2    | XOM: god gift: 38 gold pieces
 84332 | Zot:3    | XOM: confuse monster(s)
 84344 | Zot:3    | Noticed an orb of fire
 84364 | Zot:3    | Killed an orb of fire
 84364 | Zot:3    | XOM: cast spell 'Necromutation'
 84384 | Zot:3    | XOM: summons friendly iron imp
 84410 | Zot:3    | XOM: summons friendly shadow imp
 84434 | Zot:3    | XOM: enchant monster (good)
 84535 | Zot:3    | XOM: silly message
 84567 | Zot:3    | XOM: cast spell 'Summon Dragon'
 84573 | Zot:3    | XOM: enchant monster (good)
 84576 | Zot:3    | XOM: noise
 84583 | Zot:3    | XOM: divination: magic mapping
 84796 | Zot:3    | XOM: cloud trail
 85010 | Zot:3    | XOM: give mutations
 85010 | Zot:3    | Gained mutation: You have a pair of large horns on your
                  | head. [Xom's mischief]
 85010 | Zot:3    | Gained mutation: Your body sometimes deteriorates upon
                  | taking damage. [Xom's mischief]
 85010 | Zot:3    | Lost mutation: You have a pair of large horns on your head.
                  | [Xom's mischief]
 85010 | Zot:3    | Lost mutation: You possess an exceptional clarity of mind.
                  | [Xom's mischief]
 85130 | Zot:4    | XOM: summons friendly quasit
 85157 | Zot:4    | XOM: 1-stop teleportation journey
 85163 | Zot:4    | XOM: 8-stop teleportation journey
 85217 | Zot:4    | XOM: summons 7 friendly demons
 85226 | Zot:4    | XOM: confusion (+ monsters)
 85314 | Zot:4    | Lost mutation: Your body sometimes deteriorates upon taking
                  | damage. [evolution]
 85354 | Zot:4    | XOM: cleaving
 85358 | Zot:4    | XOM: polymorph shadow dragon -> iron giant
 85401 | Zot:4    | XOM: divination: detect creatures
 85409 | Zot:4    | XOM: summons friendly iron imp
 85420 | Zot:4    | XOM: cast spell 'Summon Hydra'
 85436 | Zot:4    | XOM: summons 3 friendly demons
 85568 | Zot:4    | XOM: give mutations
 85568 | Zot:4    | Gained mutation: Your muscles are strong. (Str +2) [Xom's
                  | grace]
 85568 | Zot:4    | Gained mutation: You rapidly evolve. [Xom's grace]
 85568 | Zot:4    | Gained mutation: You are covered in thick fur. (AC +2)
                  | [Xom's grace]
 85577 | Zot:4    | XOM: scenery: 2 doors close
 85631 | Zot:4    | XOM: cleaving
 85635 | Zot:4    | XOM: divine lightning
 85638 | Zot:4    | XOM: polymorph red draconian -> entropy weaver
 85787 | Zot:4    | XOM: fake destruction
 85844 | Zot:4    | XOM: god gift: scroll labeled BARIOV AZ VOO {god gift}
 85942 | Zot:5    | Entered Level 5 of the Realm of Zot
 86114 | Zot:5    | XOM: 1-stop teleportation journey
 86115 | Zot:5    | XOM: cleaving
 86122 | Zot:5    | XOM: cast spell 'Alistair's Intoxication'
 86130 | Zot:5    | XOM: 2-stop teleportation journey
 86205 | Zot:2    | XOM: summons 3 hostile demons
 86296 | Depths:4 | XOM: cloud trail
 86298 | Pan      | Entered Pandemonium
 86485 | Pan      | XOM: mild Necr miscast
 86544 | Pan      | XOM: scenery: 1 doors close
 86568 | Pan      | XOM: confuse monster(s)
 86820 | Pan      | Found a transporter.
 86820 | Pan      | XOM: confuse monster(s)
 86911 | Pan      | XOM: noise
 86969 | Pan      | XOM: noise
 87004 | Pan      | XOM: mild Conj miscast
 87032 | Pan      | XOM: cast spell 'Alistair's Intoxication'
 87055 | Pan      | XOM: smoke on damage
 87318 | Pan      | Found a transporter.
 87346 | Pan      | XOM: divination: detect creatures
 87382 | Pan      | XOM: divination: magic mapping
 87393 | Pan      | XOM: divination: magic mapping
 87455 | Pan      | XOM: silly message
 87482 | Pan      | XOM: torment (179/273 hp)
 87806 | Pan      | Identified the ring "Zutzets" {+Fly rN+ MR++ Slay-4} (You
                  | found it in Pandemonium)
 87811 | Pan      | Identified the +1 pair of boots of Lies {MP+9} (You found
                  | it in Pandemonium)
 87972 | Pan      | Found a runed translucent door.
 88190 | Pan      | Noticed Siucvoas the pandemonium lord
 88203 | Pan      | Killed Siucvoas the pandemonium lord
 88231 | Pan      | XOM: cloud trail
 88339 | Pan      | Noticed Gaiwialu the pandemonium lord
 88343 | Pan      | XOM: polymorph monstrous demonspawn -> eye of devastation
 88345 | Pan      | XOM: confuse monster(s)
 88349 | Pan      | Killed Gaiwialu the pandemonium lord
 88388 | Pan      | Upgraded the game from 0.24-a0-445-gd5110b030a to
                  | 0.24-a0-446-g87df7205b4
 88452 | Pan      | XOM: scenery: 2 doors close
 88553 | Pan      | XOM: mild Tmut miscast
 88727 | Pan      | Entered the realm of Lom Lobon.
 88727 | Pan      | Noticed Lom Lobon
 88730 | Pan      | XOM: destruction
 89165 | Pan      | XOM: god gift: potion of agility
 89276 | Pan      | XOM: summons friendly quasit
 89279 | Pan      | XOM: cast spell 'Summon Mana Viper'
 89297 | Pan      | XOM: summons 3 friendly demons
 89317 | Pan      | XOM: potion effect (curing)
 89332 | Pan      | XOM: polymorph wizard -> elephant
 89355 | Pan      | XOM: 4-stop teleportation journey
 89368 | Pan      | XOM: 2-stop teleportation journey
 89400 | Pan      | XOM: noise
 89502 | Pan      | XOM: cast spell 'Summon Butterflies'
 89548 | Pan      | XOM: god gift: ration
 89588 | Pan      | XOM: cloud trail
 89649 | Pan      | XOM: enchant monster (good)
 89818 | Pan      | XOM: cast spell 'Summon Butterflies'
 89821 | Pan      | XOM: scenery: create altars
 89833 | Pan      | XOM: scenery: create altars
 89847 | Pan      | Killed Lom Lobon
 89860 | Pan      | Got a magical rune of Zot
 90031 | Pan      | XOM: scenery: 1 doors open
 90054 | Pan      | XOM: summons 15 friendly demons
 90201 | Pan      | Entered the realm of Mnoleg.
 90201 | Pan      | XOM: stealth player
 90209 | Pan      | Gained mutation: Your body sometimes deteriorates upon
                  | taking damage. [a cacodemon]
 90222 | Pan      | XOM: summons friendly iron imp
 90226 | Pan      | Found an exit through the horrors of the Abyss.
 90243 | Pan      | XOM: enchant monster (bad)
 90360 | Pan      | XOM: 9-stop teleportation journey
 90534 | Pan      | XOM: mild Fire miscast
 90557 | Pan      | Noticed Mnoleg
 90565 | Pan      | XOM: polymorph floating eye -> water nymph
 90577 | Pan      | XOM: scenery: create altars
 90593 | Pan      | Killed Mnoleg
 90600 | Pan      | XOM: summons 6 hostile demons
 90618 | Pan      | Got a glowing rune of Zot
 90694 | Pan      | Reached skill level 15 in Transmutations
 90699 | Pan      | XOM: confusion
 90701 | Pan      | Cast into level 5 of the Abyss (Xom)
 90701 | Abyss:5  | Entered Level 5 of the Abyss
 90701 | Abyss:5  | Entered Level 5 of the Abyss
 90895 | Pan      | Escaped the Abyss
 91044 | Pan      | Found an exit through the horrors of the Abyss.
 91196 | Pan      | XOM: summons 5 friendly demons
 91213 | Pan      | XOM: blink monster(s)
 91214 | Pan      | XOM: divination: magic mapping
 91217 | Pan      | XOM: summons friendly iron imp
 91220 | Pan      | XOM: potion effect (curing)
 91227 | Pan      | XOM: blink monster(s)
 91241 | Pan      | XOM: summons friendly ufetubus
 91305 | Pan      | XOM: medium Erth miscast
 91389 | Pan      | XOM: noise
 91390 | Pan      | XOM: noise
 91507 | Pan      | XOM: divination: detect creatures
 91512 | Pan      | XOM: cast spell 'Olgreb's Toxic Radiance'
 91568 | Pan      | Noticed Ona Fal the pandemonium lord
 91572 | Pan      | XOM: enchant monster (good)
 91657 | Pan      | XOM: enchant monster (bad)
 91743 | Pan      | XOM: potion effect (curing)
 91821 | Pan      | Noticed Ruehext the pandemonium lord
 91824 | Pan      | XOM: mild Necr miscast
 91830 | Pan      | Killed Ruehext the pandemonium lord
 91830 | Pan      | Reached skill level 15 in Spellcasting
 91901 | Pan      | Found a runed translucent door.
 91971 | Pan      | Entered the realm of Gloorx Vloq.
 91973 | Pan      | XOM: cast spell 'Summon Ice Beast'
 92121 | Pan      | XOM: polymorph Executioner -> Brimstone Fiend
 92452 | Pan      | XOM: blink monster(s)
 92480 | Pan      | Noticed Gloorx Vloq
 92481 | Pan      | XOM: butterfly on damage
 92489 | Pan      | XOM: confuse monster(s)
 92503 | Pan      | XOM: cleaving
 92690 | Pan      | XOM: give mutations
 92690 | Pan      | Lost mutation: You rapidly evolve. [Xom's mischief]
 92690 | Pan      | Lost mutation: You can translocate small distances at will.
                  | [Xom's mischief]
 92690 | Pan      | Lost mutation: Your body sometimes deteriorates upon taking
                  | damage. [Xom's mischief]
 92798 | Pan      | XOM: noise
 92910 | Pan      | XOM: give mutations
 92910 | Pan      | Lost mutation: Armour fits poorly on your strangely shaped
                  | body. [Xom's mischief]
 92910 | Pan      | Lost mutation: You evolve. [Xom's mischief]
 92910 | Pan      | Gained mutation: You passively map a small area around you.
                  | [Xom's mischief]
 92926 | Pan      | XOM: 2-stop teleportation journey
 92937 | Pan      | XOM: stat loss: -1 Str (33/34)
 93061 | Pan      | Killed Gloorx Vloq
 93068 | Pan      | XOM: give mutations
 93068 | Pan      | Gained mutation: Your body sometimes deteriorates upon
                  | taking damage. [Xom's mischief]
 93068 | Pan      | Gained mutation: You are resistant to hostile enchantments.
                  | (MR+) [Xom's mischief]
 93068 | Pan      | Lost mutation: Your muscles are strong. (Str +2) [Xom's
                  | mischief]
 93100 | Pan      | Got a dark rune of Zot
 93267 | Pan      | XOM: mild Fire miscast
 93272 | Pan      | XOM: enchant monster (good)
 93296 | Pan      | Entered the realm of Cerebov.
 93384 | Pan      | Found an exit through the horrors of the Abyss.
 93389 | Pan      | XOM: mild Chrm miscast
 93486 | Pan      | XOM: blink monster(s)
 93676 | Pan      | Identified the amulet of Sin {Spirit rC+ Dex+2}
 93705 | Pan      | Identified the ring of Haihulel {MR+ Stlth+}
 93715 | Pan      | XOM: scenery: create altars
 93725 | Pan      | Identified the +8 hand axe of Expedience {chop, +Rage}
 93725 | Pan      | Identified the amulet of Raciydd {RegenMP rElec}
 93732 | Pan      | XOM: god gift: flickering bone ring {god gift}
 93740 | Pan      | Got a flickering bone ring {god gift}
 93741 | Pan      | Identified the ring of Elef {rF+ Int+2} (Xom gifted it to
                  | you in Pandemonium)
 93795 | Pan      | XOM: enchant monster (good)
 93822 | Pan      | XOM: divination: magic mapping
 93852 | Pan      | XOM: scenery: create altars
 93897 | Pan      | Identified the +1 robe of the Present {*Contam rPois MR+
                  | Regen+}
 93897 | Pan      | XOM: potion effect (haste)
 93902 | Pan      | Identified the +5 scale mail "Uckoor" {Int+3 Dex+4}
 93945 | Pan      | XOM: give mutations
 93945 | Pan      | Gained mutation: You are partially covered in icy blue
                  | scales. (AC +2) [Xom's grace]
 93945 | Pan      | Gained mutation: Your skin changes colour to match your
                  | surroundings (Stealth+). [Xom's grace]
 93945 | Pan      | Gained mutation: You have sharp toenails. [Xom's grace]
 93945 | Pan      | Gained mutation: Your mind is acute. (Int +2) [Xom's grace]
 93950 | Pan      | Identified the Handbook of Supportive Weightlessness
 93984 | Pan      | Identified the +10 broad axe of Sharkskin {pain, +Blink
                  | rElec rF+++ Dex-3}
 93984 | Pan      | Identified the ring of Incredulity {rC+ rN++ MP+9 Int+4
                  | Stlth+}
 94050 | Pan      | XOM: cleaving
 94057 | Pan      | Identified the +6 sword of Cerebov {flame}
 94057 | Pan      | Noticed Cerebov
 94065 | Pan      | XOM: 3-stop teleportation journey
 94076 | Pan      | XOM: mild Tmut miscast
 94116 | Pan      | XOM: divination: magic mapping
 94126 | Pan      | XOM: cleaving
 94129 | Pan      | XOM: summons friendly white imp
 94133 | Pan      | XOM: cast spell 'Summon Small Mammal'
 94138 | Pan      | XOM: cleaving
 94154 | Pan      | XOM: cast spell 'Monstrous Menagerie'
 94169 | Pan      | Killed Cerebov
 94294 | Pan      | Got a fiery rune of Zot
 94418 | Pan      | Took an exit into the Abyss.
 94418 | Abyss:1  | Escaped into the Abyss
 94439 | Abyss:1  | Identified the ring "Haiduano" {Wiz *Corrode rElec rF+
                  | Slay+3} (You found it on level 1 of the Abyss)
 94447 | Abyss:1  | XOM: summons friendly white imp
 94451 | Abyss:1  | XOM: butterfly on damage
 94453 | Abyss:1  | XOM: cleaving
 94490 | Abyss:1  | XOM: polymorph sphinx -> glowing shapeshifter
 94505 | Abyss:1  | XOM: summons friendly shadow imp
 94521 | Depths:4 | Escaped the Abyss
 94811 | Vaults:1 | Killed Eneuly's ghost
 94945 | Crypt:2  | XOM: god gift: chain mail {god gift}
 95003 | Tomb:1   | Entered Level 1 of the Tomb of the Ancients
 95023 | Tomb:1   | XOM: 1-stop teleportation journey
 95047 | Tomb:1   | Noticed a greater mummy
 95051 | Tomb:1   | Noticed a greater mummy
 95060 | Tomb:1   | XOM: summons 7 friendly demons
 95062 | Tomb:1   | Killed a greater mummy
 95076 | Tomb:1   | Noticed a greater mummy
 95077 | Tomb:1   | XOM: cast spell 'Shadow Creatures'
 95081 | Tomb:1   | XOM: cast spell 'Olgreb's Toxic Radiance'
 95095 | Tomb:1   | Killed a greater mummy
 95119 | Tomb:1   | Noticed a greater mummy
 95128 | Tomb:1   | XOM: fog
 95133 | Tomb:1   | Killed a greater mummy
 95136 | Tomb:1   | Noticed a greater mummy
 95140 | Tomb:1   | XOM: 6-stop teleportation journey
 95248 | Tomb:1   | XOM: summons 8 friendly demons
 95294 | Tomb:1   | XOM: fake destruction
 95297 | Tomb:1   | XOM: divine lightning
 95372 | Tomb:1   | XOM: blink monster(s)
 95416 | Tomb:1   | Noticed a greater mummy
 95419 | Tomb:1   | XOM: summons friendly quasit
 95434 | Tomb:1   | XOM: enchant monster (good)
 95435 | Tomb:1   | Killed a greater mummy
 95504 | Tomb:1   | XOM: confuse monster(s)
 95506 | Tomb:1   | XOM: potion effect (agility)
 95521 | Tomb:1   | XOM: blink monster(s)
 95522 | Tomb:1   | XOM: cast spell 'Olgreb's Toxic Radiance'
 95525 | Tomb:1   | XOM: harmless Necr miscast
 95531 | Tomb:1   | XOM: summons 8 friendly demons
 95533 | Tomb:1   | Noticed an ancient lich
 95543 | Tomb:1   | Killed an ancient lich
 95581 | Tomb:1   | XOM: god gift: 45 gold pieces
 95585 | Tomb:1   | XOM: fog
 95586 | Tomb:1   | Killed a greater mummy
 96086 | Tomb:2   | XOM: summons friendly quasit
 96087 | Tomb:2   | XOM: scenery: create altars
 96088 | Tomb:2   | Noticed a greater mummy
 96089 | Tomb:2   | Noticed a greater mummy
 96089 | Tomb:2   | Noticed a greater mummy
 96091 | Tomb:2   | Noticed a greater mummy
 96091 | Tomb:2   | XOM: smoke on damage
 96093 | Tomb:2   | Noticed a greater mummy
 96103 | Tomb:2   | Paralysed by the power of Zot for 3 turns
 96106 | Tomb:2   | XOM: destruction
 96107 | Tomb:2   | XOM: summons friendly quasit
 96119 | Tomb:2   | Killed a greater mummy
 96123 | Tomb:2   | XOM: confuse monster(s)
 96128 | Tomb:2   | Killed a greater mummy
 96155 | Tomb:2   | XOM: enchant monster (good)
 96160 | Tomb:2   | Killed a greater mummy
 96169 | Tomb:2   | XOM: confuse monster(s)
 96173 | Tomb:2   | Killed a greater mummy
 96187 | Tomb:2   | Killed a greater mummy
 96354 | Tomb:2   | XOM: summons friendly iron imp
 96659 | Tomb:1   | Killed a greater mummy
 96674 | Tomb:1   | Noticed Mennas
 96697 | Tomb:1   | XOM: summons 9 friendly demons
 96713 | Tomb:1   | Killed Mennas
 96716 | Tomb:1   | Noticed a greater mummy
 96720 | Tomb:1   | Noticed a greater mummy
 96722 | Tomb:1   | XOM: confuse monster(s)
 96725 | Tomb:1   | XOM: polymorph iron imp -> quasit
 96728 | Tomb:1   | XOM: enchant monster (good)
 96732 | Tomb:1   | Killed a greater mummy
 96732 | Tomb:1   | XOM: enchant monster (good)
 96735 | Tomb:1   | Killed a greater mummy
 96736 | Tomb:1   | Noticed a greater mummy
 96741 | Tomb:1   | Noticed a greater mummy
 96750 | Tomb:1   | Killed a greater mummy
 96756 | Tomb:1   | Killed a greater mummy
 96886 | Tomb:1   | Noticed a greater mummy
 96890 | Tomb:1   | Noticed a greater mummy
 96900 | Tomb:1   | Killed a greater mummy
 96906 | Tomb:1   | Killed a greater mummy
 96922 | Tomb:1   | Noticed a greater mummy
 96924 | Tomb:1   | Noticed a greater mummy
 96931 | Tomb:1   | XOM: snakes to sticks
 96933 | Tomb:1   | Killed a greater mummy
 96933 | Tomb:1   | XOM: divine lightning
 96940 | Tomb:1   | Killed a greater mummy
 96942 | Tomb:1   | Noticed a greater mummy
 96946 | Tomb:1   | Noticed a greater mummy
 96952 | Tomb:1   | Killed a greater mummy
 96958 | Tomb:1   | Killed a greater mummy
 96960 | Tomb:1   | Noticed a greater mummy
 96974 | Tomb:1   | Noticed a greater mummy
 96981 | Tomb:1   | XOM: polymorph emperor scorpion -> storm dragon
 96982 | Tomb:1   | Killed a greater mummy
 96982 | Tomb:1   | XOM: noise
 96986 | Tomb:1   | XOM: confuse monster(s)
 96990 | Tomb:1   | XOM: severe Summ miscast
 96992 | Tomb:1   | Killed a greater mummy
 97667 | Depths:2 | Voluntarily entered the Abyss.
 97667 | Abyss:1  | XOM: polymorph purple very ugly thing -> red very ugly
                  | thing
 97966 | Abyss:1  | XOM: silly message
 98050 | Abyss:1  | XOM: harmless Fire miscast
 98071 | Abyss:1  | XOM: confuse monster(s)
 98089 | Abyss:1  | XOM: confuse monster(s)
 98097 | Abyss:1  | XOM: mild Ice miscast
 98104 | Abyss:1  | XOM: cast spell 'Shadow Creatures'
 98105 | Abyss:1  | XOM: polymorph large abomination -> large abomination
 98178 | Abyss:1  | XOM: confusion
 98262 | Abyss:1  | XOM: confusion (+ monsters)
 98307 | Abyss:1  | XOM: confusion (+ monsters)
 98321 | Abyss:1  | XOM: scenery: create altars
 98369 | Abyss:1  | Found a shimmering altar of Xom.
 98396 | Abyss:1  | Gained mutation: Armour fits poorly on your strangely
                  | shaped body. [a neqoxec]
 98455 | Abyss:1  | XOM: confusion (+ monsters)
 98488 | Abyss:1  | XOM: mild Pois miscast
 98489 | Abyss:1  | XOM: fog
 98563 | Abyss:1  | XOM: mild Tloc miscast
 98610 | Abyss:1  | XOM: give mutation
 98610 | Abyss:1  | Lost mutation: Your mind is acute. (Int +2) [Xom's
                  | mischief]
 98747 | Abyss:1  | XOM: scenery: create altars
 99022 | Abyss:1  | XOM: noise
 99130 | Abyss:1  | XOM: mild Fire miscast
 99284 | Abyss:1  | XOM: medium Ice miscast
 99410 | Abyss:1  | XOM: give mutations
 99410 | Abyss:1  | Lost mutation: Your body sometimes deteriorates upon taking
                  | damage. [Xom's mischief]
 99410 | Abyss:1  | Lost mutation: Armour fits poorly on your strangely shaped
                  | body. [Xom's mischief]
 99410 | Abyss:1  | Lost mutation: You are covered in thick fur. (AC +2) [Xom's
                  | mischief]
 99489 | Abyss:1  | XOM: god gift: 3 silver javelins
 99531 | Abyss:1  | XOM: noise
 99838 | Abyss:1  | XOM: butterfly on damage
 99839 | Abyss:1  | XOM: summons friendly ufetubus
 99840 | Abyss:1  | XOM: fog
 99844 | Abyss:1  | XOM: enchant monster (good)
 99903 | Abyss:1  | Found a corrupted altar of Lugonu.
 99966 | Abyss:1  | XOM: harmless Necr miscast
100051 | Abyss:1  | XOM: divination: detect creatures
100083 | Abyss:1  | Gained mutation: Your body sometimes deteriorates upon
                  | taking damage. [a neqoxec]
100091 | Abyss:1  | XOM: confuse monster(s)
100229 | Depths:2 | Escaped the Abyss
100864 | Tomb:2   | Cast into level 5 of the Abyss (the power of Zot)
100864 | Abyss:5  | Entered Level 5 of the Abyss
100864 | Abyss:5  | Entered Level 5 of the Abyss
100865 | Abyss:5  | Found a corrupted altar of Lugonu.
100992 | Tomb:2   | Escaped the Abyss
101006 | Tomb:2   | XOM: polymorph reaper -> balrug
101009 | Tomb:2   | XOM: blink monster(s)
101032 | Tomb:2   | XOM: fog
101033 | Tomb:2   | XOM: divination: detect creatures
101072 | Tomb:2   | XOM: mild Ice miscast
101082 | Tomb:2   | XOM: potion effect (agility)
101091 | Tomb:2   | XOM: harmless Pois miscast
101240 | Tomb:3   | Entered Level 3 of the Tomb of the Ancients
101246 | Tomb:3   | XOM: 1-stop teleportation journey
101246 | Tomb:3   | Noticed a greater mummy
101246 | Tomb:3   | Noticed a greater mummy
101247 | Tomb:3   | Noticed an ancient lich
101247 | Tomb:3   | Noticed a greater mummy
101248 | Tomb:3   | Noticed an ancient lich
101249 | Tomb:3   | Noticed a greater mummy
101251 | Tomb:3   | Noticed a greater mummy
101251 | Tomb:3   | Noticed an ancient lich
101255 | Tomb:3   | Noticed a greater mummy
101268 | Tomb:3   | Killed an ancient lich
101274 | Tomb:3   | Killed an ancient lich
101278 | Tomb:3   | Killed an ancient lich
101281 | Tomb:3   | Killed a greater mummy
101283 | Tomb:3   | XOM: cast spell 'Death Channel'
101288 | Tomb:3   | Killed a greater mummy
101289 | Tomb:3   | XOM: scenery: create altars
101303 | Tomb:3   | Killed a greater mummy
101305 | Tomb:3   | Killed a greater mummy
101435 | Tomb:2   | XOM: give mutation
101435 | Tomb:2   | Lost mutation: You have sharp fingernails. [Xom's mischief]
101501 | Tomb:3   | XOM: destruction
101506 | Tomb:3   | Found the +8 frozen axe "Frostbite" {freezing cloud, *Noise
                  | +Fly rC+}
101517 | Tomb:3   | XOM: fog
101540 | Tomb:3   | XOM: polymorph rust devil -> orange demon
101549 | Tomb:3   | XOM: divination: detect items
101560 | Tomb:3   | Killed a greater mummy
101562 | Tomb:3   | Killed a greater mummy
101814 | Tomb:3   | Got a golden rune of Zot
101856 | Tomb:3   | Found the +5 robe of Misfortune {*Contam Harm *Corrode
                  | *Drain *Slow EV+5}
101885 | Tomb:3   | Got a pitted pewter amulet
101888 | Tomb:3   | Identified the amulet "Cyuzegh" {Inacc MP-9 Str+4 Int+2
                  | Stlth+} (You found it on level 3 of the Tomb of the
                  | Ancients)
101894 | Tomb:3   | Identified the ring "Xeadwubb" {rPois MP+9 EV+2 Dex+3
                  | Stlth+} (You found it on level 3 of the Tomb of the
                  | Ancients)
101919 | Tomb:3   | Identified the +7 broad axe "Killer Klown's Curse" {chop,
                  | +Blink MR+ Str+4} (You found it on level 3 of the Tomb of
                  | the Ancients)
101929 | Tomb:3   | Identified Sif Muna's Guide on the Assistive Glacier
102234 | Vaults:3 | XOM: give mutation
102234 | Vaults:3 | Gained mutation: You have razor-sharp toenails. [Xom's
                  | grace]
102333 | D:14     | XOM: give mutation
102333 | D:14     | Gained mutation: Your mind is acute. (Int +2) [Xom's grace]
102558 | Zot:5    | XOM: divination: detect creatures
102566 | Zot:5    | XOM: harmless Ice miscast
102708 | Zot:5    | XOM: fog
102767 | Zot:5    | XOM: noise
102779 | Zot:5    | XOM: confusion (+ monsters)
102823 | Zot:5    | XOM: fog
102863 | Zot:5    | XOM: cloud trail
102866 | Zot:5    | Noticed a juggernaut
102866 | Zot:5    | a Killer Klown changed into a juggernaut
102877 | Zot:5    | XOM: noise
102881 | Zot:5    | Killed a juggernaut
102883 | Zot:5    | Noticed an ancient lich
102888 | Zot:5    | Killed an ancient lich
102889 | Zot:5    | Noticed an orb of fire
102899 | Zot:5    | XOM: blink monster(s)
102902 | Zot:5    | XOM: summons 12 friendly demons
102905 | Zot:5    | XOM: mild Tmut miscast
102912 | Zot:5    | Killed an orb of fire
102958 | Zot:5    | XOM: enchant monster (good)
103023 | Zot:5    | Noticed an orb of fire
103024 | Zot:5    | XOM: polymorph Orb Guardian -> azure jelly
103026 | Zot:5    | XOM: enchant monster (good)
103033 | Zot:5    | Noticed an orb of fire
103038 | Zot:5    | Killed an orb of fire
103045 | Zot:5    | Killed an orb of fire
103049 | Zot:5    | Noticed an ancient lich
103049 | Zot:5    | Noticed an orb of fire
103060 | Zot:5    | Killed an ancient lich
103067 | Zot:5    | Killed an orb of fire
103092 | Zot:5    | XOM: divination: detect items
103100 | Zot:5    | XOM: polymorph Orb Guardian -> death yak
103102 | Zot:5    | XOM: blink monster(s)
103107 | Zot:5    | Noticed an ancient lich
103115 | Zot:5    | Killed an ancient lich
103218 | Zot:5    | Got the Orb of Zot
103406 | Depths:4 | XOM: severe Fire miscast
103605 | D:10     | XOM: harmless Fire miscast
103713 | D:5      | XOM: mild Chrm miscast
103762 | D:4      | Noticed Nuoqekh the pandemonium lord
103762 | D:4      | Noticed an ancient lich
103768 | D:4      | Killed an ancient lich
103782 | D:4      | Killed Nuoqekh the pandemonium lord
103846 | D:$      | Escaped with the Orb!

Levels and vault maps discovered:
D:1:      wander_arrival_chamber, layout_basic, chequers_garden
D:2:      layout_loops_ring, first_ration, minmay_between, uniq_jessica
D:3:      layout_rooms, lemuel_crystal_altar
D:4:      layout_basic, nicolae_qazlal_style_of_elements,
          minmay_fractal_squares_gapless_5, uniq_menkaure, uniq_sigmund
D:5:      wander_guarded_unrand_ratskin, layout_basic, kiku_gazebo_pond_becter,
          led_sif_book, lemuel_zombie_altar_yredelemnul, minivault_23,
          minmay_misc_feat_five
D:6:      layout_basic, okawaru_gym_becter, lemuel_round_altar, serial_shops,
          nicolae_shop_stone, kennysheep_generic_room_5
D:7:      layout_loops_ring, slow_altar_1, lemuel_doored_altar,
          minmay_temple_entry_arrows, ebering_ghost_disaster_area
D:8:      layout_loops_ring, vehumet_crystals, uniq_pikel, uniq_joseph
D:9:      layout_roguey, kennysheep_mini_moat, david_orc_2, serial_shops,
          nicolae_shop_behind_doors
D:10:     layout_grid_maze, minmay_lair_entry_grove, grunt_decor_mini_mirrors,
          uniq_erolcha, uniq_harold
D:11:     layout_basic
D:12:     layout_cave_pools
D:13:     layout_big_octagon, hangedman_pestilent_swarm,
          ebering_dispersal_statue_hall
D:14:     layout_loops_cross, lightli_vaults_fourway_checkpoint,
          hangedman_decor_lopped, minivault_22
D:15:     grunt_enter_depths_snipers, layout_cave_pools, hex_tiny
Lair:1:   layout_cave_pods, grunt_megastairs_5, infiniplex_staircase_pool
Lair:2:   layout_concentric_octagons, minmay_hedge_maze
Lair:3:   layout_gridlike, elwin_shoals_entry_rocks, dummy_snake_entry,
          gauntlet_entry_generic, gammafunk_ghost_arena, minivault_27,
          uniq_fannar
Lair:4:   layout_misc_corridors, basic_altar, minivault_29, serial_bayou_shore_a
Lair:5:   layout_roguey, minmay_slime_entry_jelly_boxes,
          nicolae_volcano_entry_lava_flow
Lair:6:   guppyfry_lair_end_dragon, layout_regular_city, serial_bayou_pond_c,
          nicolae_quartered_pool_medium, dpeg_oklob_1, serial_bayou_shore_b,
          grunt_megastairs_2, infiniplex_staircase_pool_2
Shoals:1: layout_shoals, argonaut_gorgonesque
Shoals:2: layout_shoals, nicolae_shoals_drake_roost
Shoals:3: layout_shoals
Shoals:4: shoals_end_simple, layout_shoals, uniq_louise
Snake:1:  onia_ninara_swampy_vault, layout_chambers, lemuel_fruit_tree,
          uniq_aizul
Snake:2:  layout_grid_maze, uniq_jorgrun
Snake:3:  layout_misc_corridors, serial_bayou_ford_a
Snake:4:  grunt_snake_rune_spirals, layout_onion
Slime:1:  cheibrodos_slime_lost_civilization_10, layout_caves
Slime:2:  layout_caves
Slime:3:  layout_caves
Slime:4:  layout_caves
Slime:5
Orc:1:    lemuel_ogre_cave, layout_caves, serial_shops, shop,
          statue_in_the_mist_lemuel
Orc:2:    st_orc_town, layout_caves, serial_shops, nicolae_shop_statue_plus,
          uniq_rupert, uniq_urug
Elf:1:    layout_geoelf_diagonals, basic_altar,
          portal_desolation_entry_nicolae_nacl, minmay_elf_crystal_hexagon
Elf:2:    layout_geoelf_diagonals, serial_shops, shop, hangedman_elven_ridges,
          drop_trap
Elf:3:    minmay_elf_hall_furrowed, layout_loops_cross, serial_shops, shop,
          basic_altar
Vaults:1: advil_vaults_ghost_guards, vaults_dpeg_doors,
          nicolae_vaults_circle_grid_a, vaults_room_grunt_arrival_ludios,
          nicolae_vaults_theta, v_misc_9, vaults_room_fours,
          ontoclasm_vaults_chip, ontoclasm_vaults_pinch, v_misc_25,
          layout_vaults_big_room
Vaults:2: ontoclasm_vaults_twist, ontoclasm_vaults_idyll, v_rooms_3,
          vaults_dpeg_hooks, ontoclasm_vaults_spin, ontoclasm_vaults_shuriken,
          v_rooms_2, v_alt_pattern_4, v_alt_pattern_5, hangedman_vaults_slice,
          nicolae_vaults_mini_display_case, layout_vaults_omnicross
Vaults:3: grunt_vaults_funnel, hangedman_vaults_slither,
          vaults_standard_mumra_lines, v_misc_12, hangedman_vaults_variations,
          nicolae_vaults_what_the_h, minmay_crypt_entry_necro_gods,
          vaults_mumra_bighexcomb, layout_vaults_omnibox
Vaults:4: hangedman_vaults_trim, nicolae_vaults_network_star,
          nicolae_vaults_little_squares_2, v_misc_8, sword_in_stone,
          vaults_room_door_hall, v_alt_pattern_1, layout_vaults_quadrants,
          serial_shops, nicolae_shop_competitors_out_of_business,
          nicolae_shop_temple_entry_statues_fountains, shop, shop, shop
Vaults:5: serial_shops
Crypt:1:  layout_misc_corridors, basic_altar, moated_statue, uniq_jory
Crypt:2:  layout_chaotic_city, gammafunk_ghost_cemetery,
          serial_sigils_hangedman_gut, serial_sigils_hangedman_snap,
          minmay_misc_feat_columns, uniq_margery
Crypt:3:  lightli_unholy_cathedral, layout_chaotic_city,
          tomb_entry_simple_bobbens, skrybe_necro_troll_2
Tomb:1:   uniq_sojobo, uniq_mennas
Tomb:2
Tomb:3
Depths:1: cheibrodos_witchhunters_guild, layout_basic, lemuel_round_altar,
          hangedman_geh_valley, hex_medium, grunt_ministairs_4,
          nicolae_good_shop
Depths:2: lemuel_minitomb, layout_cave_pools, enter_ziggurat_f, serial_shops,
          bzr_entry_islet, grunt_metal_band, abyss_entry, pan_entry
Depths:3: minmay_the_grid_net [minmay_the_grid_zigzag_pyramid,
          minmay_the_grid_square_x, minmay_the_grid_empty,
          minmay_the_grid_garden, minmay_the_grid_armoury,
          minmay_the_grid_prize_diamond_cup], layout_basic, abyss_entry_crystal,
          hell_entry, kennysheep_pointless_box, pan_entry,
          chequers_serial_rivers_small_3, minmay_guarded_unrand_vampires_tooth,
          infiniplex_staircase_zigzag_1
Depths:4: kennysheep_water_balloons, layout_gridlike,
          hangedman_decor_clover_reticule, hangedman_abyss_entry_splay,
          pan_entry, hell_entry, minmay_variable_closet,
          infiniplex_staircase_pool_1
Depths:5: evilmike_zot_entry_basic, layout_basic, minmay_misc_feat_tower,
          grunt_hell_entry_dis_mu
Hell
Dis:1:    hangedman_iron_city_apartments, layout_regular_city
Dis:2:    layout_gridville
Dis:3:    layout_subdivisions
Dis:4:    layout_regular_city, hangedman_dis_decor_blocks_talon
Dis:5:    layout_chaotic_city, evilmike_ambush [evilmike_ambush_outer_basic,
          evilmike_ambush_inner_cross]
Dis:6:    layout_regular_city
Dis:7:    dis_hangedman
Geh:1:    layout_gehenna_lava_caves
Geh:2:    layout_gehenna_lava_caves
Geh:3:    layout_gehenna_lava_caves
Geh:4:    layout_gehenna_pools_triple
Geh:5:    layout_gehenna_pools_box, hangedman_elemental_corridor
Geh:6:    layout_gehenna_pools_triple
Geh:7:    geh_mu
Coc:1:    layout_ice_bergs
Coc:2:    layout_cocytus_water_paths
Coc:3:    layout_cocytus_delve
Coc:4:    layout_ice_bergs
Coc:5:    layout_ice_bergs
Coc:6:    layout_cocytus_delve
Coc:7:    coc_old
Tar:1:    layout_catacombs
Tar:2:    layout_grid_maze, lemuel_nasty_pond
Tar:3:    layout_grid_maze
Tar:4:    layout_grid_maze
Tar:5:    layout_honeycomb, lemuel_nasty_fountain
Tar:6:    layout_grid_maze
Tar:7:    tar_grunt_cathedral
Zot:1:    kennysheep_blocky_hall, layout_concentric_octagons
Zot:2:    layout_concentric_octagons
Zot:3:    layout_onion_interference, zot_minivault_1, lemuel_elevator
Zot:4:    layout_gridlike
Zot:5:    layout_onion

Skill      XL: |  1  2  3  4  5  6  7  8  9 10 11 12 13 14 15 16 17 18 19 20 21 22 23 24 25 26 27 |
---------------+----------------------------------------------------------------------------------+-----
Axes           | 4 5 6 7 8 9 10 11 13 14 15 16 17 18 20 21 22 23 24 25 26 27 | 27.0
Fighting       | 4 5 6 14 15 16 17 18 19 20 21 22 23 24 25 27 | 27.0
Armour         | 3 4 5 7 8 9 10 11 12 13 14 27 | 27.0
Dodging        | 2 3 4 5 6 7 8 9 10 11 12 13 14 25 | 25.0
Evocations     | 1 4 5 7 8 9 11 12 13 14 15 16 17 18 22 | 22.5
Shields        | 5 9 11 14 15 16 17 18 19 20 21 22 23 24 26 27 | 27.0
Spellcasting   | 18 | 18.9
Charms         | 10 | 10.5
Necromancy     | 20 | 20.2
Transmutations | 21 | 21.2
Long Blades    | 1 |  1.1
Polearms       | |  0.1

Action                   |  1- 3 |  4- 6 |  7- 9 | 10-12 | 13-15 | 16-18 | 19-21 | 22-24 | 25-27 || total
-------------------------+-------+-------+-------+-------+-------+-------+-------+-------+-------++-------
Melee: Hand axe          |    56 |   108 |   260 |   847 |  1871 |    15 |       |       |       ||  3157
       Headbutt          |    11 |    19 |    56 |   222 |   510 |   394 |   379 |   590 |  3738 ||  5919
       Bite              |       |       |       |    39 |   280 |   190 |       |       |       ||   509
       Spear             |       |       |       |    36 |    13 |       |       |       |       ||    49
       Morningstar       |       |       |       |       |    75 |     8 |       |       |       ||    83
       Unarmed           |       |       |       |       |     6 |       |       |       |       ||     6
       Broad axe         |       |       |       |       |       |  1478 |  1396 |  1871 | 10952 || 15697
       Kick              |       |       |       |       |       |       |       |       |     3 ||     3
 Cast: Regeneration      |       |       |       |       |       |       |       |       |   250 ||   250
       Necromutation     |       |       |       |       |       |       |       |       |    21 ||    21
 Abil: Evoke Ratskin     |       |       |       |       |     1 |     2 |       |       |       ||     3
       Blink             |       |       |       |       |       |       |       |       |     6 ||     6
       Evoke Flight      |       |       |       |       |       |       |       |       |     4 ||     4
Evoke: Wand              |       |       |       |    11 |    10 |    36 |     3 |    11 |    58 ||   129
       Box of beasts     |       |       |       |     6 |       |       |       |       |     2 ||     8
       Sack of spiders   |       |       |       |       |     3 |       |       |       |       ||     3
       Lamp of fire      |       |       |       |       |     3 |     1 |       |       |       ||     4
       Phial of floods   |       |       |       |       |       |     1 |     1 |       |       ||     2
       Phantom mirror    |       |       |       |       |       |       |     1 |       |       ||     1
       Lightning rod     |       |       |       |       |       |       |       |       |     4 ||     4
  Use: Scroll            |       |     1 |    11 |    20 |    12 |    15 |    14 |    11 |    83 ||   167
       Potion            |       |     1 |     3 |    10 |     1 |     2 |     9 |     2 |    39 ||    67
 Stab: Confused          |       |       |     4 |     8 |    31 |     5 |     7 |    18 |   114 ||   187
       Petrifying        |       |       |       |     4 |    18 |       |     1 |    10 |    65 ||    98
       Paralysed         |       |       |       |    22 |    44 |     1 |     3 |    26 |   170 ||   266
       Petrified         |       |       |       |     7 |    17 |       |       |    16 |    44 ||    84
       Invisible         |       |       |       |     7 |       |     3 |     8 |       |    18 ||    36
       Distracted        |       |       |       |       |     3 |    11 |     1 |     5 |    25 ||    45
       Sleeping          |       |       |       |       |       |     1 |       |       |     1 ||     2
  Eat: Chunk             |       |     5 |     8 |    33 |    26 |    19 |    27 |    18 |    75 ||   211
       Ration            |       |       |       |       |       |     5 |       |     5 |    35 ||    45
Armor: Leather armour    |    18 |    28 |       |       |       |       |       |       |       ||    46
       Chain mail        |       |     6 |     8 |       |       |       |       |       |       ||    14
       Pearl dragon scal |       |       |    94 |   436 |   626 |   473 |   250 |   260 |   418 ||  2557
       Skin              |       |       |     3 |       |       |       |       |       |       ||     3
       Gold dragon scale |       |       |       |       |       |       |       |       |  1612 ||  1612
Dodge: Dodged            |    34 |    49 |    97 |   323 |   456 |   394 |   290 |   397 |  2947 ||  4987
Block: Shield            |       |       |       |    94 |   413 |       |       |       |       ||   507
       Large shield      |       |       |       |       |   675 |  1254 |  1508 |  1865 | 12331 || 17633
       Reflection        |       |       |       |       |       |   113 |   178 |    47 |   245 ||   583
       Other             |       |       |       |       |       |    89 |       |       |       ||    89

Table legend:
 A = Non-vault XP
 B = Vault XP
 C = Vault XP percentage of total XP
 D = Non-vault monster count
 E = Vault monster count
 F = Vault count percentage of total count
                 A         B        C        D         E       F
            +---------+---------+-------+---------+---------+-------
      Total | 2692466 | 1884403 |  41.2 |    4285 |    1794 |  29.5
            +---------+---------+-------+---------+---------+-------
        D:1 |      50 |       0 |   0.0 |      28 |       0 |   0.0
        D:2 |     118 |      48 |  28.9 |      14 |       5 |  26.3
        D:3 |     143 |       0 |   0.0 |      23 |       0 |   0.0
        D:4 |     568 |     461 |  44.8 |      18 |       4 |  18.2
        D:5 |     454 |     131 |  22.4 |      19 |      23 |  54.8
        D:6 |     956 |       0 |   0.0 |      28 |       0 |   0.0
        D:7 |    2222 |     386 |  14.8 |      32 |       2 |   5.9
        D:8 |    1860 |    1041 |  35.9 |      30 |       2 |   6.2
        D:9 |    1707 |     284 |  14.3 |      33 |       8 |  19.5
       D:10 |    3328 |    3020 |  47.6 |      18 |      15 |  45.5
       D:11 |    5413 |       0 |   0.0 |      26 |       0 |   0.0
       D:12 |    4567 |       0 |   0.0 |      35 |       0 |   0.0
       D:13 |    3032 |     592 |  16.3 |      18 |       4 |  18.2
       D:14 |   15942 |    7404 |  31.7 |      52 |      12 |  18.8
       D:15 |   13698 |    2261 |  14.2 |      27 |       3 |  10.0
     Lair:1 |    3180 |      85 |   2.6 |      18 |       1 |   5.3
     Lair:2 |    3569 |       0 |   0.0 |      15 |       0 |   0.0
     Lair:3 |    7926 |    4150 |  34.4 |      32 |       7 |  17.9
     Lair:4 |    5507 |    7831 |  58.7 |      22 |      45 |  67.2
     Lair:5 |    6931 |     431 |   5.9 |      32 |      14 |  30.4
     Lair:6 |   12133 |    6821 |  36.0 |      40 |      24 |  37.5
   Shoals:1 |    3365 |    3439 |  50.5 |      10 |       7 |  41.2
   Shoals:2 |   13391 |    2322 |  14.8 |      25 |       9 |  26.5
   Shoals:3 |   20178 |       0 |   0.0 |      44 |       0 |   0.0
   Shoals:4 |   16079 |   19608 |  54.9 |      28 |      34 |  54.8
    Snake:1 |   24082 |    5313 |  18.1 |      41 |      10 |  19.6
    Snake:2 |   20491 |    2650 |  11.5 |      36 |       1 |   2.7
    Snake:3 |    8723 |       0 |   0.0 |      16 |       0 |   0.0
    Snake:4 |   13287 |   55106 |  80.6 |      27 |      88 |  76.5
    Slime:1 |    8048 |       0 |   0.0 |      12 |       0 |   0.0
    Slime:2 |    6529 |       0 |   0.0 |      15 |       0 |   0.0
    Slime:3 |   11600 |       0 |   0.0 |      14 |       0 |   0.0
    Slime:4 |   13364 |       0 |   0.0 |      15 |       0 |   0.0
    Slime:5 |   14508 |   26972 |  65.0 |      30 |      12 |  28.6
      Orc:1 |    3331 |    5664 |  63.0 |      46 |      20 |  30.3
      Orc:2 |    1928 |    8131 |  80.8 |      19 |      59 |  75.6
      Elf:1 |   14151 |    4354 |  23.5 |      25 |       8 |  24.2
      Elf:2 |   20387 |   22488 |  52.5 |      37 |      28 |  43.1
      Elf:3 |   25511 |   42127 |  62.3 |      44 |      32 |  42.1
   Vaults:1 |   24967 |   29127 |  53.8 |      61 |      29 |  32.2
   Vaults:2 |   32233 |   23435 |  42.1 |      63 |      38 |  37.6
   Vaults:3 |   31681 |   23865 |  43.0 |      53 |      45 |  45.9
   Vaults:4 |   35480 |   19909 |  35.9 |      52 |      20 |  27.8
   Vaults:5 |   66139 |  147401 |  69.0 |      90 |      87 |  49.2
    Crypt:1 |   31479 |    3849 |  10.9 |      49 |       1 |   2.0
    Crypt:2 |   32279 |   22929 |  41.5 |      50 |      10 |  16.7
    Crypt:3 |   11016 |   45646 |  80.6 |      19 |      48 |  71.6
     Tomb:1 |   19639 |  147135 |  88.2 |      41 |      50 |  54.9
     Tomb:2 |    6389 |   83704 |  92.9 |      17 |      89 |  84.0
     Tomb:3 |   13472 |   85144 |  86.3 |      32 |      59 |  64.8
   Depths:1 |   37997 |   38501 |  50.3 |      57 |      34 |  37.4
   Depths:2 |   18514 |   19735 |  51.6 |      31 |      25 |  44.6
   Depths:3 |   59739 |   17943 |  23.1 |      82 |      23 |  21.9
   Depths:4 |   59657 |   14600 |  19.7 |      57 |       7 |  10.9
   Depths:5 |   56053 |   12322 |  18.0 |      57 |       9 |  13.6
       Hell |   34885 |   29020 |  45.4 |      63 |      55 |  46.6
      Dis:1 |   17567 |     638 |   3.5 |      41 |       2 |   4.7
      Dis:2 |   26254 |       0 |   0.0 |      53 |       0 |   0.0
      Dis:3 |   35087 |       0 |   0.0 |      59 |       0 |   0.0
      Dis:4 |    7535 |       0 |   0.0 |      20 |       0 |   0.0
      Dis:5 |     168 |    4514 |  96.4 |       2 |       7 |  77.8
      Dis:6 |   35191 |     442 |   1.2 |      52 |       1 |   1.9
      Dis:7 |   50215 |  136284 |  73.1 |      68 |     116 |  63.0
      Geh:1 |   39318 |       0 |   0.0 |      97 |       0 |   0.0
      Geh:2 |   35618 |       0 |   0.0 |      71 |       0 |   0.0
      Geh:3 |   22693 |       0 |   0.0 |      48 |       0 |   0.0
      Geh:4 |   93293 |       0 |   0.0 |     168 |       0 |   0.0
      Geh:5 |   27758 |    5713 |  17.1 |      32 |       6 |  15.8
      Geh:7 |  109540 |   58422 |  34.8 |     139 |      41 |  22.8
      Coc:1 |   25935 |       0 |   0.0 |      62 |       0 |   0.0
      Coc:2 |    7028 |       0 |   0.0 |      12 |       0 |   0.0
      Coc:3 |   11593 |       0 |   0.0 |      27 |       0 |   0.0
      Coc:4 |   15833 |       0 |   0.0 |      25 |       0 |   0.0
      Coc:5 |    9802 |       0 |   0.0 |      29 |       0 |   0.0
      Coc:6 |   30010 |       0 |   0.0 |      67 |       0 |   0.0
      Coc:7 |  134999 |   62967 |  31.8 |     150 |      50 |  25.0
      Tar:1 |    4785 |       0 |   0.0 |       6 |       0 |   0.0
      Tar:2 |     585 |       0 |   0.0 |       4 |       0 |   0.0
      Tar:3 |    4488 |       0 |   0.0 |       9 |       0 |   0.0
      Tar:4 |    9237 |       0 |   0.0 |      24 |       0 |   0.0
      Tar:5 |   14231 |       0 |   0.0 |      22 |       0 |   0.0
      Tar:6 |   21591 |       0 |   0.0 |      25 |       0 |   0.0
      Tar:7 |  119083 |  111595 |  48.4 |     144 |      69 |  32.4
      Zot:1 |   74643 |    6320 |   7.8 |      42 |       4 |   8.7
      Zot:2 |   33563 |       0 |   0.0 |      20 |       0 |   0.0
      Zot:3 |   77573 |   26239 |  25.3 |      45 |      14 |  23.7
      Zot:4 |   84274 |       0 |   0.0 |      55 |       0 |   0.0
      Zot:5 |   40330 |  136609 |  77.2 |      21 |      37 |  63.8
    Abyss:1 |  113287 |    5349 |   4.5 |     187 |       5 |   2.6
    Abyss:5 |   28440 |    9896 |  25.8 |      35 |      20 |  36.4
        Pan |  301375 |  261972 |  46.5 |     365 |     194 |  34.7
      Zig:1 |     814 |       0 |   0.0 |       3 |       0 |   0.0
      Zig:2 |    2657 |       0 |   0.0 |       2 |       0 |   0.0
      Zig:3 |    6474 |       0 |   0.0 |       4 |       0 |   0.0
      Zig:4 |    3138 |       0 |   0.0 |      12 |       0 |   0.0
      Zig:5 |    7114 |       0 |   0.0 |       5 |       0 |   0.0
      Zig:6 |   10283 |       0 |   0.0 |       7 |       0 |   0.0
      Zig:7 |   11540 |       0 |   0.0 |       8 |       0 |   0.0
      Zig:8 |   11986 |       0 |   0.0 |      13 |       0 |   0.0
      Zig:9 |    9850 |      23 |   0.2 |      18 |       1 |   5.3
     Zig:10 |   25424 |       0 |   0.0 |      23 |       0 |   0.0
     Zig:11 |   13266 |       0 |   0.0 |      27 |       0 |   0.0
     Zig:12 |   23122 |       0 |   0.0 |      19 |       0 |   0.0
    Volcano |       0 |    4194 | 100.0 |       0 |      13 | 100.0
 Desolation |       0 |   50177 | 100.0 |       0 |      96 | 100.0
   Gauntlet |       0 |    5664 | 100.0 |       0 |      12 | 100.0
            +---------+---------+-------+---------+---------+-------
